%YAML 1.1
%TAG !u! tag:unity3d.com,2011:
--- !u!1 &564555330900095766
GameObject:
  m_ObjectHideFlags: 0
  m_CorrespondingSourceObject: {fileID: 0}
  m_PrefabInstance: {fileID: 0}
  m_PrefabAsset: {fileID: 0}
  serializedVersion: 6
  m_Component:
  - component: {fileID: 333445042825062671}
  m_Layer: 0
  m_Name: lowerarm_l
  m_TagString: Untagged
  m_Icon: {fileID: 0}
  m_NavMeshLayer: 0
  m_StaticEditorFlags: 0
  m_IsActive: 1
--- !u!4 &333445042825062671
Transform:
  m_ObjectHideFlags: 0
  m_CorrespondingSourceObject: {fileID: 0}
  m_PrefabInstance: {fileID: 0}
  m_PrefabAsset: {fileID: 0}
  m_GameObject: {fileID: 564555330900095766}
  m_LocalRotation: {x: -0.057591494, y: -0.12974308, z: 0.74243265, w: 0.65470886}
  m_LocalPosition: {x: -0.22856525, y: -0.007660837, z: -0.0046043396}
  m_LocalScale: {x: 1.0000001, y: 1.0000001, z: 1.0000001}
  m_ConstrainProportionsScale: 0
  m_Children:
  - {fileID: 3569953474860747696}
  - {fileID: 9101501528812253535}
  m_Father: {fileID: 4041553210219410696}
  m_RootOrder: 0
  m_LocalEulerAnglesHint: {x: 0, y: 0, z: 0}
--- !u!1 &747992054392497449
GameObject:
  m_ObjectHideFlags: 0
  m_CorrespondingSourceObject: {fileID: 0}
  m_PrefabInstance: {fileID: 0}
  m_PrefabAsset: {fileID: 0}
  serializedVersion: 6
  m_Component:
  - component: {fileID: 2622445518668514570}
  m_Layer: 0
  m_Name: thigh_r
  m_TagString: Untagged
  m_Icon: {fileID: 0}
  m_NavMeshLayer: 0
  m_StaticEditorFlags: 0
  m_IsActive: 1
--- !u!4 &2622445518668514570
Transform:
  m_ObjectHideFlags: 0
  m_CorrespondingSourceObject: {fileID: 0}
  m_PrefabInstance: {fileID: 0}
  m_PrefabAsset: {fileID: 0}
  m_GameObject: {fileID: 747992054392497449}
  m_LocalRotation: {x: -0.121450774, y: 0.17806341, z: 0.9764922, w: -0.0024756873}
  m_LocalPosition: {x: 0.014486617, y: -0.0053142747, z: 0.09005803}
  m_LocalScale: {x: 1, y: 1, z: 0.9999999}
  m_ConstrainProportionsScale: 0
  m_Children:
  - {fileID: 3276991616003344633}
  m_Father: {fileID: 90482170503866404}
  m_RootOrder: 2
  m_LocalEulerAnglesHint: {x: 0, y: 0, z: 0}
--- !u!1 &792446392100614403
GameObject:
  m_ObjectHideFlags: 0
  m_CorrespondingSourceObject: {fileID: 0}
  m_PrefabInstance: {fileID: 0}
  m_PrefabAsset: {fileID: 0}
  serializedVersion: 6
  m_Component:
  - component: {fileID: 7490509800220847776}
  - component: {fileID: 378797591826531991}
  m_Layer: 9
  m_Name: Fighter_13_ArmorHead_Mesh
  m_TagString: Untagged
  m_Icon: {fileID: 0}
  m_NavMeshLayer: 0
  m_StaticEditorFlags: 0
  m_IsActive: 1
--- !u!4 &7490509800220847776
Transform:
  m_ObjectHideFlags: 0
  m_CorrespondingSourceObject: {fileID: 0}
  m_PrefabInstance: {fileID: 0}
  m_PrefabAsset: {fileID: 0}
  m_GameObject: {fileID: 792446392100614403}
  m_LocalRotation: {x: -0.7071068, y: 0, z: -0, w: 0.7071068}
  m_LocalPosition: {x: -0, y: 1.6432754, z: 0.024767304}
  m_LocalScale: {x: 1, y: 1, z: 1}
  m_ConstrainProportionsScale: 0
  m_Children: []
  m_Father: {fileID: 1791416152687186813}
  m_RootOrder: 0
  m_LocalEulerAnglesHint: {x: 0, y: 0, z: 0}
--- !u!137 &378797591826531991
SkinnedMeshRenderer:
  m_ObjectHideFlags: 0
  m_CorrespondingSourceObject: {fileID: 0}
  m_PrefabInstance: {fileID: 0}
  m_PrefabAsset: {fileID: 0}
  m_GameObject: {fileID: 792446392100614403}
  m_Enabled: 1
  m_CastShadows: 1
  m_ReceiveShadows: 1
  m_DynamicOccludee: 1
  m_StaticShadowCaster: 0
  m_MotionVectors: 1
  m_LightProbeUsage: 1
  m_ReflectionProbeUsage: 1
  m_RayTracingMode: 3
  m_RayTraceProcedural: 0
  m_RenderingLayerMask: 1
  m_RendererPriority: 0
  m_Materials:
  - {fileID: 2100000, guid: d9d418ad3eadd4bef9ad94fb0d54d14a, type: 2}
  m_StaticBatchInfo:
    firstSubMesh: 0
    subMeshCount: 0
  m_StaticBatchRoot: {fileID: 0}
  m_ProbeAnchor: {fileID: 0}
  m_LightProbeVolumeOverride: {fileID: 0}
  m_ScaleInLightmap: 1
  m_ReceiveGI: 1
  m_PreserveUVs: 0
  m_IgnoreNormalsForChartDetection: 0
  m_ImportantGI: 0
  m_StitchLightmapSeams: 1
  m_SelectedEditorRenderState: 3
  m_MinimumChartSize: 4
  m_AutoUVMaxDistance: 0.5
  m_AutoUVMaxAngle: 89
  m_LightmapParameters: {fileID: 0}
  m_SortingLayerID: 0
  m_SortingLayer: 0
  m_SortingOrder: 0
  serializedVersion: 2
  m_Quality: 0
  m_UpdateWhenOffscreen: 0
  m_SkinnedMotionVectors: 1
  m_Mesh: {fileID: -8010551296016666904, guid: a2ba9d900ff7a4834ac7e4827bdba76e, type: 3}
  m_Bones:
  - {fileID: 48563398034695479}
  - {fileID: 2545048226611606563}
  - {fileID: 1532314088701477665}
  - {fileID: 4644362482791648671}
  m_BlendShapeWeights: []
  m_RootBone: {fileID: 2545048226611606563}
  m_AABB:
    m_Center: {x: -0.097277015, y: -0.062431104, z: 0.00000010430813}
    m_Extent: {x: 0.10222113, y: 0.09208723, z: 0.07813555}
  m_DirtyAABB: 0
--- !u!1 &905735443855871416
GameObject:
  m_ObjectHideFlags: 0
  m_CorrespondingSourceObject: {fileID: 0}
  m_PrefabInstance: {fileID: 0}
  m_PrefabAsset: {fileID: 0}
  serializedVersion: 6
  m_Component:
  - component: {fileID: 8328318487896088405}
  m_Layer: 0
  m_Name: middle_03_l
  m_TagString: Untagged
  m_Icon: {fileID: 0}
  m_NavMeshLayer: 0
  m_StaticEditorFlags: 0
  m_IsActive: 1
--- !u!4 &8328318487896088405
Transform:
  m_ObjectHideFlags: 0
  m_CorrespondingSourceObject: {fileID: 0}
  m_PrefabInstance: {fileID: 0}
  m_PrefabAsset: {fileID: 0}
  m_GameObject: {fileID: 905735443855871416}
  m_LocalRotation: {x: -0.0014330045, y: 0.038874347, z: 0.05551609, w: 0.99769974}
  m_LocalPosition: {x: -0.026569672, y: -0.0032530213, z: 0.0023370504}
  m_LocalScale: {x: 0.9999998, y: 0.99999994, z: 0.99999976}
  m_ConstrainProportionsScale: 0
  m_Children: []
  m_Father: {fileID: 2604559746070026988}
  m_RootOrder: 0
  m_LocalEulerAnglesHint: {x: 0, y: 0, z: 0}
--- !u!1 &1142017832985601196
GameObject:
  m_ObjectHideFlags: 0
  m_CorrespondingSourceObject: {fileID: 0}
  m_PrefabInstance: {fileID: 0}
  m_PrefabAsset: {fileID: 0}
  serializedVersion: 6
  m_Component:
  - component: {fileID: 3973615663572333807}
  m_Layer: 0
  m_Name: thigh_l
  m_TagString: Untagged
  m_Icon: {fileID: 0}
  m_NavMeshLayer: 0
  m_StaticEditorFlags: 0
  m_IsActive: 1
--- !u!4 &3973615663572333807
Transform:
  m_ObjectHideFlags: 0
  m_CorrespondingSourceObject: {fileID: 0}
  m_PrefabInstance: {fileID: 0}
  m_PrefabAsset: {fileID: 0}
  m_GameObject: {fileID: 1142017832985601196}
  m_LocalRotation: {x: 0.28672612, y: 0.17320128, z: -0.073473796, w: 0.93935674}
  m_LocalPosition: {x: 0.014488297, y: -0.005314235, z: -0.090058096}
  m_LocalScale: {x: 1, y: 1, z: 0.9999999}
  m_ConstrainProportionsScale: 0
  m_Children:
  - {fileID: 8809449190274177654}
  m_Father: {fileID: 90482170503866404}
  m_RootOrder: 1
  m_LocalEulerAnglesHint: {x: 0, y: 0, z: 0}
--- !u!1 &1411794729093384647
GameObject:
  m_ObjectHideFlags: 0
  m_CorrespondingSourceObject: {fileID: 0}
  m_PrefabInstance: {fileID: 0}
  m_PrefabAsset: {fileID: 0}
  serializedVersion: 6
  m_Component:
  - component: {fileID: 1791416152687186813}
  - component: {fileID: 5637468431108065543}
  - component: {fileID: 2578571596083074279}
  m_Layer: 0
  m_Name: Slimer
  m_TagString: Untagged
  m_Icon: {fileID: 0}
  m_NavMeshLayer: 0
  m_StaticEditorFlags: 0
  m_IsActive: 1
--- !u!4 &1791416152687186813
Transform:
  m_ObjectHideFlags: 0
  m_CorrespondingSourceObject: {fileID: 0}
  m_PrefabInstance: {fileID: 0}
  m_PrefabAsset: {fileID: 0}
  m_GameObject: {fileID: 1411794729093384647}
  m_LocalRotation: {x: 0, y: 0.7071068, z: 0, w: 0.7071068}
  m_LocalPosition: {x: 0, y: 0, z: 0}
  m_LocalScale: {x: 3.5, y: 3.5, z: 3.5}
  m_ConstrainProportionsScale: 1
  m_Children:
  - {fileID: 7490509800220847776}
  - {fileID: 330158058609125394}
  - {fileID: 5774799907445813605}
  - {fileID: 2505243003126520041}
  m_Father: {fileID: 0}
  m_RootOrder: 0
  m_LocalEulerAnglesHint: {x: 0, y: 90, z: 0}
--- !u!95 &5637468431108065543
Animator:
  serializedVersion: 5
  m_ObjectHideFlags: 0
  m_CorrespondingSourceObject: {fileID: 0}
  m_PrefabInstance: {fileID: 0}
  m_PrefabAsset: {fileID: 0}
  m_GameObject: {fileID: 1411794729093384647}
  m_Enabled: 1
  m_Avatar: {fileID: 9000000, guid: a2ba9d900ff7a4834ac7e4827bdba76e, type: 3}
  m_Controller: {fileID: 9100000, guid: 85eca58503f1043499d28ef6a3683ace, type: 2}
  m_CullingMode: 1
  m_UpdateMode: 0
  m_ApplyRootMotion: 1
  m_LinearVelocityBlending: 0
  m_StabilizeFeet: 0
  m_WarningMessage: 
  m_HasTransformHierarchy: 1
  m_AllowConstantClipSamplingOptimization: 1
  m_KeepAnimatorStateOnDisable: 0
  m_WriteDefaultValuesOnDisable: 0
--- !u!114 &2578571596083074279
MonoBehaviour:
  m_ObjectHideFlags: 0
  m_CorrespondingSourceObject: {fileID: 0}
  m_PrefabInstance: {fileID: 0}
  m_PrefabAsset: {fileID: 0}
  m_GameObject: {fileID: 1411794729093384647}
  m_Enabled: 1
  m_EditorHideFlags: 0
  m_Script: {fileID: 11500000, guid: f4865af8fa2382d42b56844ef3a9cbf0, type: 3}
  m_Name: 
  m_EditorClassIdentifier: 
  isHit: 0
  hitBoxes:
  - rect:
      serializedVersion: 2
      x: 0
      y: 0
      width: 4
      height: 4
    defaultVisibility: 1
    followXBounds: 0
    followYBounds: 0
    position: {fileID: 48563398034695479}
    bodyPart: 1
    mappedPosition:
      x:
        _serializedValue: 0
      y:
        _serializedValue: 0
      z:
        _serializedValue: 0
    localPosition:
      x:
        _serializedValue: 0
      y:
        _serializedValue: 0
      z:
        _serializedValue: 0
    shape: 0
    collisionType: 0
    type: 0
    _rect:
      _x:
        _serializedValue: 0
      _y:
        _serializedValue: 0
      topRight:
        x:
          _serializedValue: 0
        y:
          _serializedValue: 0
        z:
          _serializedValue: 0
      topLeft:
        x:
          _serializedValue: 0
        y:
          _serializedValue: 0
        z:
          _serializedValue: 0
      bottomRight:
        x:
          _serializedValue: 0
        y:
          _serializedValue: 0
        z:
          _serializedValue: 0
      bottomLeft:
        x:
          _serializedValue: 0
        y:
          _serializedValue: 0
        z:
          _serializedValue: 0
      width:
        _serializedValue: 0
      height:
        _serializedValue: 0
      xMax:
        _serializedValue: 0
      yMax:
        _serializedValue: 0
    _radius:
      _serializedValue: 1503238528
    _offSet:
      x:
        _serializedValue: 300647712
      y:
        _serializedValue: 257698032
      z:
        _serializedValue: 0
  - rect:
      serializedVersion: 2
      x: -0.84
      y: 0.38
      width: 1.58
      height: -1.03
    defaultVisibility: 1
    followXBounds: 0
    followYBounds: 0
    position: {fileID: 4987813569435891387}
    bodyPart: 2
    mappedPosition:
      x:
        _serializedValue: 0
      y:
        _serializedValue: 0
      z:
        _serializedValue: 0
    localPosition:
      x:
        _serializedValue: 0
      y:
        _serializedValue: 0
      z:
        _serializedValue: 0
    shape: 1
    collisionType: 0
    type: 0
    _rect:
      _x:
        _serializedValue: -3607772416
      _y:
        _serializedValue: 1632087552
      topRight:
        x:
          _serializedValue: 3178276096
        y:
          _serializedValue: 1632087552
        z:
          _serializedValue: 0
      topLeft:
        x:
          _serializedValue: -3607772416
        y:
          _serializedValue: 1632087552
        z:
          _serializedValue: 0
      bottomRight:
        x:
          _serializedValue: 3178276096
        y:
          _serializedValue: -2791728640
        z:
          _serializedValue: 0
      bottomLeft:
        x:
          _serializedValue: -3607772416
        y:
          _serializedValue: -2791728640
        z:
          _serializedValue: 0
      width:
        _serializedValue: 6786048512
      height:
        _serializedValue: -4423816192
      xMax:
        _serializedValue: 3178276096
      yMax:
        _serializedValue: -2791728640
    _radius:
      _serializedValue: 2147483648
    _offSet:
      x:
        _serializedValue: 0
      y:
        _serializedValue: 0
      z:
        _serializedValue: 0
  - rect:
      serializedVersion: 2
      x: -0.66
      y: 0.51
      width: 1.27
      height: -1.02
    defaultVisibility: 1
    followXBounds: 0
    followYBounds: 0
    position: {fileID: 489171345378438670}
    bodyPart: 3
    mappedPosition:
      x:
        _serializedValue: 0
      y:
        _serializedValue: 0
      z:
        _serializedValue: 0
    localPosition:
      x:
        _serializedValue: 0
      y:
        _serializedValue: 0
      z:
        _serializedValue: 0
    shape: 1
    collisionType: 0
    type: 0
    _rect:
      _x:
        _serializedValue: -2834678528
      _y:
        _serializedValue: 2190433280
      topRight:
        x:
          _serializedValue: 2619929856
        y:
          _serializedValue: 2190433280
        z:
          _serializedValue: 0
      topLeft:
        x:
          _serializedValue: -2834678528
        y:
          _serializedValue: 2190433280
        z:
          _serializedValue: 0
      bottomRight:
        x:
          _serializedValue: 2619929856
        y:
          _serializedValue: -2190433280
        z:
          _serializedValue: 0
      bottomLeft:
        x:
          _serializedValue: -2834678528
        y:
          _serializedValue: -2190433280
        z:
          _serializedValue: 0
      width:
        _serializedValue: 5454608384
      height:
        _serializedValue: -4380866560
      xMax:
        _serializedValue: 2619929856
      yMax:
        _serializedValue: -2190433280
    _radius:
      _serializedValue: 2147483648
    _offSet:
      x:
        _serializedValue: 0
      y:
        _serializedValue: 0
      z:
        _serializedValue: 0
  - rect:
      serializedVersion: 2
      x: 0
      y: 0
      width: 4
      height: 4
    defaultVisibility: 1
    followXBounds: 0
    followYBounds: 0
    position: {fileID: 4041553210219410696}
    bodyPart: 4
    mappedPosition:
      x:
        _serializedValue: 0
      y:
        _serializedValue: 0
      z:
        _serializedValue: 0
    localPosition:
      x:
        _serializedValue: 0
      y:
        _serializedValue: 0
      z:
        _serializedValue: 0
    shape: 0
    collisionType: 1
    type: 1
    _rect:
      _x:
        _serializedValue: 0
      _y:
        _serializedValue: 0
      topRight:
        x:
          _serializedValue: 0
        y:
          _serializedValue: 0
        z:
          _serializedValue: 0
      topLeft:
        x:
          _serializedValue: 0
        y:
          _serializedValue: 0
        z:
          _serializedValue: 0
      bottomRight:
        x:
          _serializedValue: 0
        y:
          _serializedValue: 0
        z:
          _serializedValue: 0
      bottomLeft:
        x:
          _serializedValue: 0
        y:
          _serializedValue: 0
        z:
          _serializedValue: 0
      width:
        _serializedValue: 0
      height:
        _serializedValue: 0
      xMax:
        _serializedValue: 0
      yMax:
        _serializedValue: 0
    _radius:
      _serializedValue: 1503238528
    _offSet:
      x:
        _serializedValue: 0
      y:
        _serializedValue: 0
      z:
        _serializedValue: 0
  - rect:
      serializedVersion: 2
      x: 0
      y: 0
      width: 4
      height: 4
    defaultVisibility: 1
    followXBounds: 0
    followYBounds: 0
    position: {fileID: 5721252111512034148}
    bodyPart: 5
    mappedPosition:
      x:
        _serializedValue: 0
      y:
        _serializedValue: 0
      z:
        _serializedValue: 0
    localPosition:
      x:
        _serializedValue: 0
      y:
        _serializedValue: 0
      z:
        _serializedValue: 0
    shape: 0
    collisionType: 1
    type: 1
    _rect:
      _x:
        _serializedValue: 0
      _y:
        _serializedValue: 0
      topRight:
        x:
          _serializedValue: 0
        y:
          _serializedValue: 0
        z:
          _serializedValue: 0
      topLeft:
        x:
          _serializedValue: 0
        y:
          _serializedValue: 0
        z:
          _serializedValue: 0
      bottomRight:
        x:
          _serializedValue: 0
        y:
          _serializedValue: 0
        z:
          _serializedValue: 0
      bottomLeft:
        x:
          _serializedValue: 0
        y:
          _serializedValue: 0
        z:
          _serializedValue: 0
      width:
        _serializedValue: 0
      height:
        _serializedValue: 0
      xMax:
        _serializedValue: 0
      yMax:
        _serializedValue: 0
    _radius:
      _serializedValue: 1503238528
    _offSet:
      x:
        _serializedValue: 0
      y:
        _serializedValue: 257698032
      z:
        _serializedValue: 0
  - rect:
      serializedVersion: 2
      x: 0
      y: 0
      width: 4
      height: 4
    defaultVisibility: 1
    followXBounds: 0
    followYBounds: 0
    position: {fileID: 333445042825062671}
    bodyPart: 6
    mappedPosition:
      x:
        _serializedValue: 0
      y:
        _serializedValue: 0
      z:
        _serializedValue: 0
    localPosition:
      x:
        _serializedValue: 0
      y:
        _serializedValue: 0
      z:
        _serializedValue: 0
    shape: 0
    collisionType: 1
    type: 1
    _rect:
      _x:
        _serializedValue: 0
      _y:
        _serializedValue: 0
      topRight:
        x:
          _serializedValue: 0
        y:
          _serializedValue: 0
        z:
          _serializedValue: 0
      topLeft:
        x:
          _serializedValue: 0
        y:
          _serializedValue: 0
        z:
          _serializedValue: 0
      bottomRight:
        x:
          _serializedValue: 0
        y:
          _serializedValue: 0
        z:
          _serializedValue: 0
      bottomLeft:
        x:
          _serializedValue: 0
        y:
          _serializedValue: 0
        z:
          _serializedValue: 0
      width:
        _serializedValue: 0
      height:
        _serializedValue: 0
      xMax:
        _serializedValue: 0
      yMax:
        _serializedValue: 0
    _radius:
      _serializedValue: 1503238528
    _offSet:
      x:
        _serializedValue: 386547072
      y:
        _serializedValue: 0
      z:
        _serializedValue: 0
  - rect:
      serializedVersion: 2
      x: 0
      y: 0
      width: 4
      height: 4
    defaultVisibility: 1
    followXBounds: 0
    followYBounds: 0
    position: {fileID: 5437714149542381763}
    bodyPart: 7
    mappedPosition:
      x:
        _serializedValue: 0
      y:
        _serializedValue: 0
      z:
        _serializedValue: 0
    localPosition:
      x:
        _serializedValue: 0
      y:
        _serializedValue: 0
      z:
        _serializedValue: 0
    shape: 0
    collisionType: 1
    type: 1
    _rect:
      _x:
        _serializedValue: 0
      _y:
        _serializedValue: 0
      topRight:
        x:
          _serializedValue: 0
        y:
          _serializedValue: 0
        z:
          _serializedValue: 0
      topLeft:
        x:
          _serializedValue: 0
        y:
          _serializedValue: 0
        z:
          _serializedValue: 0
      bottomRight:
        x:
          _serializedValue: 0
        y:
          _serializedValue: 0
        z:
          _serializedValue: 0
      bottomLeft:
        x:
          _serializedValue: 0
        y:
          _serializedValue: 0
        z:
          _serializedValue: 0
      width:
        _serializedValue: 0
      height:
        _serializedValue: 0
      xMax:
        _serializedValue: 0
      yMax:
        _serializedValue: 0
    _radius:
      _serializedValue: 1503238528
    _offSet:
      x:
        _serializedValue: 386547072
      y:
        _serializedValue: 257698032
      z:
        _serializedValue: 0
  - rect:
      serializedVersion: 2
      x: 0
      y: 0
      width: 4
      height: 4
    defaultVisibility: 1
    followXBounds: 0
    followYBounds: 0
    position: {fileID: 3569953474860747696}
    bodyPart: 8
    mappedPosition:
      x:
        _serializedValue: 0
      y:
        _serializedValue: 0
      z:
        _serializedValue: 0
    localPosition:
      x:
        _serializedValue: 0
      y:
        _serializedValue: 0
      z:
        _serializedValue: 0
    shape: 0
    collisionType: 2
    type: 0
    _rect:
      _x:
        _serializedValue: 0
      _y:
        _serializedValue: 0
      topRight:
        x:
          _serializedValue: 0
        y:
          _serializedValue: 0
        z:
          _serializedValue: 0
      topLeft:
        x:
          _serializedValue: 0
        y:
          _serializedValue: 0
        z:
          _serializedValue: 0
      bottomRight:
        x:
          _serializedValue: 0
        y:
          _serializedValue: 0
        z:
          _serializedValue: 0
      bottomLeft:
        x:
          _serializedValue: 0
        y:
          _serializedValue: 0
        z:
          _serializedValue: 0
      width:
        _serializedValue: 0
      height:
        _serializedValue: 0
      xMax:
        _serializedValue: 0
      yMax:
        _serializedValue: 0
    _radius:
      _serializedValue: 1503238528
    _offSet:
      x:
        _serializedValue: 0
      y:
        _serializedValue: 0
      z:
        _serializedValue: 0
  - rect:
      serializedVersion: 2
      x: 0
      y: 0
      width: 4
      height: 4
    defaultVisibility: 1
    followXBounds: 0
    followYBounds: 0
    position: {fileID: 4625796749070869666}
    bodyPart: 9
    mappedPosition:
      x:
        _serializedValue: 0
      y:
        _serializedValue: 0
      z:
        _serializedValue: 0
    localPosition:
      x:
        _serializedValue: 0
      y:
        _serializedValue: 0
      z:
        _serializedValue: 0
    shape: 0
    collisionType: 2
    type: 0
    _rect:
      _x:
        _serializedValue: 0
      _y:
        _serializedValue: 0
      topRight:
        x:
          _serializedValue: 0
        y:
          _serializedValue: 0
        z:
          _serializedValue: 0
      topLeft:
        x:
          _serializedValue: 0
        y:
          _serializedValue: 0
        z:
          _serializedValue: 0
      bottomRight:
        x:
          _serializedValue: 0
        y:
          _serializedValue: 0
        z:
          _serializedValue: 0
      bottomLeft:
        x:
          _serializedValue: 0
        y:
          _serializedValue: 0
        z:
          _serializedValue: 0
      width:
        _serializedValue: 0
      height:
        _serializedValue: 0
      xMax:
        _serializedValue: 0
      yMax:
        _serializedValue: 0
    _radius:
      _serializedValue: 1503238528
    _offSet:
      x:
        _serializedValue: 257698032
      y:
        _serializedValue: 644245120
      z:
        _serializedValue: 0
  - rect:
      serializedVersion: 2
      x: -0.18
      y: 0
      width: 1.09
      height: -1.48
    defaultVisibility: 1
    followXBounds: 0
    followYBounds: 0
    position: {fileID: 3973615663572333807}
    bodyPart: 10
    mappedPosition:
      x:
        _serializedValue: 0
      y:
        _serializedValue: 0
      z:
        _serializedValue: 0
    localPosition:
      x:
        _serializedValue: 0
      y:
        _serializedValue: 0
      z:
        _serializedValue: 0
    shape: 1
    collisionType: 0
    type: 1
    _rect:
      _x:
        _serializedValue: -773094144
      _y:
        _serializedValue: 0
      topRight:
        x:
          _serializedValue: 3908420352
        y:
          _serializedValue: 0
        z:
          _serializedValue: 0
      topLeft:
        x:
          _serializedValue: -773094144
        y:
          _serializedValue: 0
        z:
          _serializedValue: 0
      bottomRight:
        x:
          _serializedValue: 3908420352
        y:
          _serializedValue: -6356551680
        z:
          _serializedValue: 0
      bottomLeft:
        x:
          _serializedValue: -773094144
        y:
          _serializedValue: -6356551680
        z:
          _serializedValue: 0
      width:
        _serializedValue: 4681514496
      height:
        _serializedValue: -6356551680
      xMax:
        _serializedValue: 3908420352
      yMax:
        _serializedValue: -6356551680
    _radius:
      _serializedValue: 2147483648
    _offSet:
      x:
        _serializedValue: 0
      y:
        _serializedValue: 0
      z:
        _serializedValue: 0
  - rect:
      serializedVersion: 2
      x: 0.15
      y: 0
      width: -0.77
      height: -1.5
    defaultVisibility: 1
    followXBounds: 0
    followYBounds: 0
    position: {fileID: 2622445518668514570}
    bodyPart: 11
    mappedPosition:
      x:
        _serializedValue: 0
      y:
        _serializedValue: 0
      z:
        _serializedValue: 0
    localPosition:
      x:
        _serializedValue: 0
      y:
        _serializedValue: 0
      z:
        _serializedValue: 0
    shape: 1
    collisionType: 0
    type: 1
    _rect:
      _x:
        _serializedValue: 644245120
      _y:
        _serializedValue: 0
      topRight:
        x:
          _serializedValue: -2662879744
        y:
          _serializedValue: 0
        z:
          _serializedValue: 0
      topLeft:
        x:
          _serializedValue: 644245120
        y:
          _serializedValue: 0
        z:
          _serializedValue: 0
      bottomRight:
        x:
          _serializedValue: -2662879744
        y:
          _serializedValue: -6442450944
        z:
          _serializedValue: 0
      bottomLeft:
        x:
          _serializedValue: 644245120
        y:
          _serializedValue: -6442450944
        z:
          _serializedValue: 0
      width:
        _serializedValue: -3307124736
      height:
        _serializedValue: -6442450944
      xMax:
        _serializedValue: -2662879744
      yMax:
        _serializedValue: -6442450944
    _radius:
      _serializedValue: 2147483648
    _offSet:
      x:
        _serializedValue: 0
      y:
        _serializedValue: 0
      z:
        _serializedValue: 0
  - rect:
      serializedVersion: 2
      x: -0.52
      y: 0
      width: 0.95
      height: -1.37
    defaultVisibility: 1
    followXBounds: 0
    followYBounds: 0
    position: {fileID: 8809449190274177654}
    bodyPart: 12
    mappedPosition:
      x:
        _serializedValue: 0
      y:
        _serializedValue: 0
      z:
        _serializedValue: 0
    localPosition:
      x:
        _serializedValue: 0
      y:
        _serializedValue: 0
      z:
        _serializedValue: 0
    shape: 1
    collisionType: 0
    type: 1
    _rect:
      _x:
        _serializedValue: -2233382912
      _y:
        _serializedValue: 0
      topRight:
        x:
          _serializedValue: 1846835968
        y:
          _serializedValue: 0
        z:
          _serializedValue: 0
      topLeft:
        x:
          _serializedValue: -2233382912
        y:
          _serializedValue: 0
        z:
          _serializedValue: 0
      bottomRight:
        x:
          _serializedValue: 1846835968
        y:
          _serializedValue: -5884105216
        z:
          _serializedValue: 0
      bottomLeft:
        x:
          _serializedValue: -2233382912
        y:
          _serializedValue: -5884105216
        z:
          _serializedValue: 0
      width:
        _serializedValue: 4080218880
      height:
        _serializedValue: -5884105216
      xMax:
        _serializedValue: 1846835968
      yMax:
        _serializedValue: -5884105216
    _radius:
      _serializedValue: 2147483648
    _offSet:
      x:
        _serializedValue: -558345728
      y:
        _serializedValue: 0
      z:
        _serializedValue: 0
  - rect:
      serializedVersion: 2
      x: 0.29
      y: 0
      width: -0.77
      height: -1.3
    defaultVisibility: 1
    followXBounds: 0
    followYBounds: 0
    position: {fileID: 3276991616003344633}
    bodyPart: 13
    mappedPosition:
      x:
        _serializedValue: 0
      y:
        _serializedValue: 0
      z:
        _serializedValue: 0
    localPosition:
      x:
        _serializedValue: 0
      y:
        _serializedValue: 0
      z:
        _serializedValue: 0
    shape: 1
    collisionType: 0
    type: 1
    _rect:
      _x:
        _serializedValue: 1245540480
      _y:
        _serializedValue: 0
      topRight:
        x:
          _serializedValue: -2061584256
        y:
          _serializedValue: 0
        z:
          _serializedValue: 0
      topLeft:
        x:
          _serializedValue: 1245540480
        y:
          _serializedValue: 0
        z:
          _serializedValue: 0
      bottomRight:
        x:
          _serializedValue: -2061584256
        y:
          _serializedValue: -5583457280
        z:
          _serializedValue: 0
      bottomLeft:
        x:
          _serializedValue: 1245540480
        y:
          _serializedValue: -5583457280
        z:
          _serializedValue: 0
      width:
        _serializedValue: -3307124736
      height:
        _serializedValue: -5583457280
      xMax:
        _serializedValue: -2061584256
      yMax:
        _serializedValue: -5583457280
    _radius:
      _serializedValue: 2147483648
    _offSet:
      x:
        _serializedValue: 0
      y:
        _serializedValue: 0
      z:
        _serializedValue: 0
  - rect:
      serializedVersion: 2
      x: 0
      y: 0
      width: 4
      height: 4
    defaultVisibility: 1
    followXBounds: 0
    followYBounds: 0
    position: {fileID: 2443899264758475250}
    bodyPart: 14
    mappedPosition:
      x:
        _serializedValue: 0
      y:
        _serializedValue: 0
      z:
        _serializedValue: 0
    localPosition:
      x:
        _serializedValue: 0
      y:
        _serializedValue: 0
      z:
        _serializedValue: 0
    shape: 0
    collisionType: 0
    type: 1
    _rect:
      _x:
        _serializedValue: 0
      _y:
        _serializedValue: 0
      topRight:
        x:
          _serializedValue: 0
        y:
          _serializedValue: 0
        z:
          _serializedValue: 0
      topLeft:
        x:
          _serializedValue: 0
        y:
          _serializedValue: 0
        z:
          _serializedValue: 0
      bottomRight:
        x:
          _serializedValue: 0
        y:
          _serializedValue: 0
        z:
          _serializedValue: 0
      bottomLeft:
        x:
          _serializedValue: 0
        y:
          _serializedValue: 0
        z:
          _serializedValue: 0
      width:
        _serializedValue: 0
      height:
        _serializedValue: 0
      xMax:
        _serializedValue: 0
      yMax:
        _serializedValue: 0
    _radius:
      _serializedValue: 2276332544
    _offSet:
      x:
        _serializedValue: 858993472
      y:
        _serializedValue: -1846835968
      z:
        _serializedValue: 0
  - rect:
      serializedVersion: 2
      x: 0
      y: 0
      width: 4
      height: 4
    defaultVisibility: 1
    followXBounds: 0
    followYBounds: 0
    position: {fileID: 6377347837482456788}
    bodyPart: 15
    mappedPosition:
      x:
        _serializedValue: 0
      y:
        _serializedValue: 0
      z:
        _serializedValue: 0
    localPosition:
      x:
        _serializedValue: 0
      y:
        _serializedValue: 0
      z:
        _serializedValue: 0
    shape: 0
    collisionType: 0
    type: 1
    _rect:
      _x:
        _serializedValue: 0
      _y:
        _serializedValue: 0
      topRight:
        x:
          _serializedValue: 0
        y:
          _serializedValue: 0
        z:
          _serializedValue: 0
      topLeft:
        x:
          _serializedValue: 0
        y:
          _serializedValue: 0
        z:
          _serializedValue: 0
      bottomRight:
        x:
          _serializedValue: 0
        y:
          _serializedValue: 0
        z:
          _serializedValue: 0
      bottomLeft:
        x:
          _serializedValue: 0
        y:
          _serializedValue: 0
        z:
          _serializedValue: 0
      width:
        _serializedValue: 0
      height:
        _serializedValue: 0
      xMax:
        _serializedValue: 0
      yMax:
        _serializedValue: 0
    _radius:
      _serializedValue: 2276332544
    _offSet:
      x:
        _serializedValue: 0
      y:
        _serializedValue: -1460288896
      z:
        _serializedValue: 0
  - rect:
      serializedVersion: 2
      x: -0.93
      y: -1.47
      width: 2.15
      height: 3.38
    defaultVisibility: 1
    followXBounds: 0
    followYBounds: 0
    position: {fileID: 90482170503866404}
    bodyPart: 0
    mappedPosition:
      x:
        _serializedValue: 0
      y:
        _serializedValue: 0
      z:
        _serializedValue: 0
    localPosition:
      x:
        _serializedValue: 0
      y:
        _serializedValue: 0
      z:
        _serializedValue: 0
    shape: 1
    collisionType: 3
    type: 0
    _rect:
      _x:
        _serializedValue: -3994319616
      _y:
        _serializedValue: -6313602048
      topRight:
        x:
          _serializedValue: 5239860224
        y:
          _serializedValue: -6313602048
        z:
          _serializedValue: 0
      topLeft:
        x:
          _serializedValue: -3994319616
        y:
          _serializedValue: -6313602048
        z:
          _serializedValue: 0
      bottomRight:
        x:
          _serializedValue: 5239860224
        y:
          _serializedValue: 8203387904
        z:
          _serializedValue: 0
      bottomLeft:
        x:
          _serializedValue: -3994319616
        y:
          _serializedValue: 8203387904
        z:
          _serializedValue: 0
      width:
        _serializedValue: 9234180096
      height:
        _serializedValue: 14516989952
      xMax:
        _serializedValue: 5239860224
      yMax:
        _serializedValue: 8203387904
    _radius:
      _serializedValue: 2147483648
    _offSet:
      x:
        _serializedValue: 0
      y:
        _serializedValue: 0
      z:
        _serializedValue: 0
  activeHurtBoxes: []
  blockableArea:
    enabled: 1
    activeFramesBegin: 0
    activeFramesEnds: 0
    bodyPart: 0
    hitBoxDefinitionIndex: 0
    shape: 0
    rect:
      serializedVersion: 2
      x: 0
      y: 0
      width: 4
      height: 4
    _rect:
      _x:
        _serializedValue: 0
      _y:
        _serializedValue: 0
      topRight:
        x:
          _serializedValue: 0
        y:
          _serializedValue: 0
        z:
          _serializedValue: 0
      topLeft:
        x:
          _serializedValue: 0
        y:
          _serializedValue: 0
        z:
          _serializedValue: 0
      bottomRight:
        x:
          _serializedValue: 0
        y:
          _serializedValue: 0
        z:
          _serializedValue: 0
      bottomLeft:
        x:
          _serializedValue: 0
        y:
          _serializedValue: 0
        z:
          _serializedValue: 0
      width:
        _serializedValue: 0
      height:
        _serializedValue: 0
      xMax:
        _serializedValue: 0
      yMax:
        _serializedValue: 0
    followXBounds: 0
    followYBounds: 0
    _radius:
      _serializedValue: 2147483648
    _offSet:
      x:
        _serializedValue: 0
      y:
        _serializedValue: 0
      z:
        _serializedValue: 0
    cuboidMin:
      x:
        _serializedValue: 0
      y:
        _serializedValue: 0
      z:
        _serializedValue: 0
    cuboidMax:
      x:
        _serializedValue: 0
      y:
        _serializedValue: 0
      z:
        _serializedValue: 0
    position:
      x:
        _serializedValue: 0
      y:
        _serializedValue: 0
      z:
        _serializedValue: 0
  hitConfirmType: 0
  collisionBoxSize:
    _serializedValue: 8589934592
  inverted: 0
  bakeSpeed: 0
  deltaPosition:
    x:
      _serializedValue: 0
    y:
      _serializedValue: 0
    z:
      _serializedValue: 0
  animationMaps: []
  controlsScript: {fileID: 0}
  previewInvertRotation: 0
  previewMirror: 0
  autoHitBoxes: []
  rectangleHitBoxLocationTest: 0
  rectTexture: {fileID: 0}
  moveSetScript: {fileID: 0}
  previewAllBoxes: 0
  customHitBoxes: {fileID: 0}
--- !u!1 &1431799163549184270
GameObject:
  m_ObjectHideFlags: 0
  m_CorrespondingSourceObject: {fileID: 0}
  m_PrefabInstance: {fileID: 0}
  m_PrefabAsset: {fileID: 0}
  serializedVersion: 6
  m_Component:
  - component: {fileID: 3276991616003344633}
  m_Layer: 0
  m_Name: calf_r
  m_TagString: Untagged
  m_Icon: {fileID: 0}
  m_NavMeshLayer: 0
  m_StaticEditorFlags: 0
  m_IsActive: 1
--- !u!4 &3276991616003344633
Transform:
  m_ObjectHideFlags: 0
  m_CorrespondingSourceObject: {fileID: 0}
  m_PrefabInstance: {fileID: 0}
  m_PrefabAsset: {fileID: 0}
  m_GameObject: {fileID: 1431799163549184270}
  m_LocalRotation: {x: -0.122345805, y: -0.011517158, z: 0.25920868, w: 0.9579717}
  m_LocalPosition: {x: -0.42572257, y: -0.000000019669532, z: 0.000000019073486}
  m_LocalScale: {x: 1, y: 1.0000001, z: 1}
  m_ConstrainProportionsScale: 0
  m_Children:
  - {fileID: 6377347837482456788}
  m_Father: {fileID: 2622445518668514570}
  m_RootOrder: 0
  m_LocalEulerAnglesHint: {x: 0, y: 0, z: 0}
--- !u!1 &1667854138951878216
GameObject:
  m_ObjectHideFlags: 0
  m_CorrespondingSourceObject: {fileID: 0}
  m_PrefabInstance: {fileID: 0}
  m_PrefabAsset: {fileID: 0}
  serializedVersion: 6
  m_Component:
  - component: {fileID: 3892962082292219376}
  m_Layer: 0
  m_Name: index_02_r
  m_TagString: Untagged
  m_Icon: {fileID: 0}
  m_NavMeshLayer: 0
  m_StaticEditorFlags: 0
  m_IsActive: 1
--- !u!4 &3892962082292219376
Transform:
  m_ObjectHideFlags: 0
  m_CorrespondingSourceObject: {fileID: 0}
  m_PrefabInstance: {fileID: 0}
  m_PrefabAsset: {fileID: 0}
  m_GameObject: {fileID: 1667854138951878216}
  m_LocalRotation: {x: 0.07343818, y: -0.35185283, z: -0.6228322, w: 0.69490033}
  m_LocalPosition: {x: 0.03376179, y: -0.0007424927, z: 0.0041924287}
  m_LocalScale: {x: 0.99999994, y: 1, z: 1}
  m_ConstrainProportionsScale: 0
  m_Children:
  - {fileID: 4120219820230060124}
  m_Father: {fileID: 5448872561090012291}
  m_RootOrder: 0
  m_LocalEulerAnglesHint: {x: 0, y: 0, z: 0}
--- !u!1 &1922720898311800666
GameObject:
  m_ObjectHideFlags: 0
  m_CorrespondingSourceObject: {fileID: 0}
  m_PrefabInstance: {fileID: 0}
  m_PrefabAsset: {fileID: 0}
  serializedVersion: 6
  m_Component:
  - component: {fileID: 4644362482791648671}
  m_Layer: 0
  m_Name: clavicle_r
  m_TagString: Untagged
  m_Icon: {fileID: 0}
  m_NavMeshLayer: 0
  m_StaticEditorFlags: 0
  m_IsActive: 1
--- !u!4 &4644362482791648671
Transform:
  m_ObjectHideFlags: 0
  m_CorrespondingSourceObject: {fileID: 0}
  m_PrefabInstance: {fileID: 0}
  m_PrefabAsset: {fileID: 0}
  m_GameObject: {fileID: 1922720898311800666}
  m_LocalRotation: {x: 0.7705746, y: 0.23138425, z: 0.58707625, w: 0.08954064}
  m_LocalPosition: {x: -0.11883758, y: -0.027321033, z: 0.037820026}
  m_LocalScale: {x: 1, y: 1.0000001, z: 1}
  m_ConstrainProportionsScale: 0
  m_Children:
  - {fileID: 5721252111512034148}
  m_Father: {fileID: 4987813569435891387}
  m_RootOrder: 1
  m_LocalEulerAnglesHint: {x: 0, y: 0, z: 0}
--- !u!1 &2045973744255113682
GameObject:
  m_ObjectHideFlags: 0
  m_CorrespondingSourceObject: {fileID: 0}
  m_PrefabInstance: {fileID: 0}
  m_PrefabAsset: {fileID: 0}
  serializedVersion: 6
  m_Component:
  - component: {fileID: 2443899264758475250}
  m_Layer: 0
  m_Name: foot_l
  m_TagString: Untagged
  m_Icon: {fileID: 0}
  m_NavMeshLayer: 0
  m_StaticEditorFlags: 0
  m_IsActive: 1
--- !u!4 &2443899264758475250
Transform:
  m_ObjectHideFlags: 0
  m_CorrespondingSourceObject: {fileID: 0}
  m_PrefabInstance: {fileID: 0}
  m_PrefabAsset: {fileID: 0}
  m_GameObject: {fileID: 2045973744255113682}
  m_LocalRotation: {x: -0.07576021, y: 0.001529633, z: 0.035937563, w: 0.99647707}
  m_LocalPosition: {x: 0.40196696, y: 0, z: 0}
  m_LocalScale: {x: 1.0000001, y: 0.9999999, z: 1.0000001}
  m_ConstrainProportionsScale: 0
  m_Children:
  - {fileID: 2192202242073695544}
  m_Father: {fileID: 8809449190274177654}
  m_RootOrder: 0
  m_LocalEulerAnglesHint: {x: 0, y: 0, z: 0}
--- !u!1 &2386315048570832586
GameObject:
  m_ObjectHideFlags: 0
  m_CorrespondingSourceObject: {fileID: 0}
  m_PrefabInstance: {fileID: 0}
  m_PrefabAsset: {fileID: 0}
  serializedVersion: 6
  m_Component:
  - component: {fileID: 7910973319441138629}
  m_Layer: 0
  m_Name: ball_r
  m_TagString: Untagged
  m_Icon: {fileID: 0}
  m_NavMeshLayer: 0
  m_StaticEditorFlags: 0
  m_IsActive: 1
--- !u!4 &7910973319441138629
Transform:
  m_ObjectHideFlags: 0
  m_CorrespondingSourceObject: {fileID: 0}
  m_PrefabInstance: {fileID: 0}
  m_PrefabAsset: {fileID: 0}
  m_GameObject: {fileID: 2386315048570832586}
  m_LocalRotation: {x: 0.000080076265, y: -0.000029593806, z: 0.7186339, w: 0.6953886}
  m_LocalPosition: {x: -0.10453819, y: 0.16577797, z: -0.00080154417}
  m_LocalScale: {x: 1, y: 1.0000001, z: 1.0000001}
  m_ConstrainProportionsScale: 0
  m_Children: []
  m_Father: {fileID: 6377347837482456788}
  m_RootOrder: 0
  m_LocalEulerAnglesHint: {x: 0, y: 0, z: 0}
--- !u!1 &2396077731423783476
GameObject:
  m_ObjectHideFlags: 0
  m_CorrespondingSourceObject: {fileID: 0}
  m_PrefabInstance: {fileID: 0}
  m_PrefabAsset: {fileID: 0}
  serializedVersion: 6
  m_Component:
  - component: {fileID: 489171345378438670}
  m_Layer: 0
  m_Name: spine_01
  m_TagString: Untagged
  m_Icon: {fileID: 0}
  m_NavMeshLayer: 0
  m_StaticEditorFlags: 0
  m_IsActive: 1
--- !u!4 &489171345378438670
Transform:
  m_ObjectHideFlags: 0
  m_CorrespondingSourceObject: {fileID: 0}
  m_PrefabInstance: {fileID: 0}
  m_PrefabAsset: {fileID: 0}
  m_GameObject: {fileID: 2396077731423783476}
  m_LocalRotation: {x: 0.026959263, y: -0.007838449, z: 0.09149172, w: 0.99541}
  m_LocalPosition: {x: -0.10808876, y: -0.00851415, z: 6.366463e-14}
  m_LocalScale: {x: 1, y: 1, z: 1}
  m_ConstrainProportionsScale: 0
  m_Children:
  - {fileID: 1125400739760968404}
  m_Father: {fileID: 90482170503866404}
  m_RootOrder: 0
  m_LocalEulerAnglesHint: {x: 0, y: 0, z: 0}
--- !u!1 &2627610236700108869
GameObject:
  m_ObjectHideFlags: 0
  m_CorrespondingSourceObject: {fileID: 0}
  m_PrefabInstance: {fileID: 0}
  m_PrefabAsset: {fileID: 0}
  serializedVersion: 6
  m_Component:
  - component: {fileID: 2604559746070026988}
  m_Layer: 0
  m_Name: middle_02_l
  m_TagString: Untagged
  m_Icon: {fileID: 0}
  m_NavMeshLayer: 0
  m_StaticEditorFlags: 0
  m_IsActive: 1
--- !u!4 &2604559746070026988
Transform:
  m_ObjectHideFlags: 0
  m_CorrespondingSourceObject: {fileID: 0}
  m_PrefabInstance: {fileID: 0}
  m_PrefabAsset: {fileID: 0}
  m_GameObject: {fileID: 2627610236700108869}
  m_LocalRotation: {x: -0.049732264, y: -0.22440349, z: -0.7737696, w: 0.59029686}
  m_LocalPosition: {x: -0.038891066, y: 0.0042123413, z: 0.00085996627}
  m_LocalScale: {x: 1.0000001, y: 1, z: 0.99999994}
  m_ConstrainProportionsScale: 0
  m_Children:
  - {fileID: 8328318487896088405}
  m_Father: {fileID: 5971287314443204465}
  m_RootOrder: 0
  m_LocalEulerAnglesHint: {x: 0, y: 0, z: 0}
--- !u!1 &2870167919665189997
GameObject:
  m_ObjectHideFlags: 0
  m_CorrespondingSourceObject: {fileID: 0}
  m_PrefabInstance: {fileID: 0}
  m_PrefabAsset: {fileID: 0}
  serializedVersion: 6
  m_Component:
  - component: {fileID: 2505243003126520041}
  m_Layer: 0
  m_Name: root
  m_TagString: Untagged
  m_Icon: {fileID: 0}
  m_NavMeshLayer: 0
  m_StaticEditorFlags: 0
  m_IsActive: 1
--- !u!4 &2505243003126520041
Transform:
  m_ObjectHideFlags: 0
  m_CorrespondingSourceObject: {fileID: 0}
  m_PrefabInstance: {fileID: 0}
  m_PrefabAsset: {fileID: 0}
  m_GameObject: {fileID: 2870167919665189997}
  m_LocalRotation: {x: -0.618863, y: 0.36743233, z: 0.46520334, w: 0.51535225}
  m_LocalPosition: {x: 0.24377783, y: 0.034760512, z: 0.03588477}
  m_LocalScale: {x: 1, y: 1, z: 1}
  m_ConstrainProportionsScale: 0
  m_Children:
  - {fileID: 90482170503866404}
  m_Father: {fileID: 1791416152687186813}
  m_RootOrder: 3
  m_LocalEulerAnglesHint: {x: 0, y: 0, z: 0}
--- !u!1 &3084293711065588963
GameObject:
  m_ObjectHideFlags: 0
  m_CorrespondingSourceObject: {fileID: 0}
  m_PrefabInstance: {fileID: 0}
  m_PrefabAsset: {fileID: 0}
  serializedVersion: 6
  m_Component:
  - component: {fileID: 8207302295591286361}
  m_Layer: 0
  m_Name: middle_01_r
  m_TagString: Untagged
  m_Icon: {fileID: 0}
  m_NavMeshLayer: 0
  m_StaticEditorFlags: 0
  m_IsActive: 1
--- !u!4 &8207302295591286361
Transform:
  m_ObjectHideFlags: 0
  m_CorrespondingSourceObject: {fileID: 0}
  m_PrefabInstance: {fileID: 0}
  m_PrefabAsset: {fileID: 0}
  m_GameObject: {fileID: 3084293711065588963}
  m_LocalRotation: {x: -0.1179003, y: -0.057062577, z: -0.75949526, w: 0.6371894}
  m_LocalPosition: {x: 0.09472046, y: -0.022448424, z: -0.035905894}
  m_LocalScale: {x: 0.9999998, y: 0.99999994, z: 0.99999994}
  m_ConstrainProportionsScale: 0
  m_Children:
  - {fileID: 4178911861024389586}
  m_Father: {fileID: 4625796749070869666}
  m_RootOrder: 1
  m_LocalEulerAnglesHint: {x: 0, y: 0, z: 0}
--- !u!1 &3344716940503632687
GameObject:
  m_ObjectHideFlags: 0
  m_CorrespondingSourceObject: {fileID: 0}
  m_PrefabInstance: {fileID: 0}
  m_PrefabAsset: {fileID: 0}
  serializedVersion: 6
  m_Component:
  - component: {fileID: 48563398034695479}
  m_Layer: 0
  m_Name: head
  m_TagString: Untagged
  m_Icon: {fileID: 0}
  m_NavMeshLayer: 0
  m_StaticEditorFlags: 0
  m_IsActive: 1
--- !u!4 &48563398034695479
Transform:
  m_ObjectHideFlags: 0
  m_CorrespondingSourceObject: {fileID: 0}
  m_PrefabInstance: {fileID: 0}
  m_PrefabAsset: {fileID: 0}
  m_GameObject: {fileID: 3344716940503632687}
  m_LocalRotation: {x: 2.6143405e-16, y: -7.204873e-15, z: -0.13354197, w: 0.99104315}
  m_LocalPosition: {x: -0.042511903, y: -0.0031688688, z: -0.0000000062526575}
  m_LocalScale: {x: 1, y: 1, z: 1}
  m_ConstrainProportionsScale: 0
  m_Children: []
  m_Father: {fileID: 2545048226611606563}
  m_RootOrder: 0
  m_LocalEulerAnglesHint: {x: 0, y: 0, z: 0}
--- !u!1 &3577110493401652201
GameObject:
  m_ObjectHideFlags: 0
  m_CorrespondingSourceObject: {fileID: 0}
  m_PrefabInstance: {fileID: 0}
  m_PrefabAsset: {fileID: 0}
  serializedVersion: 6
  m_Component:
  - component: {fileID: 6522249298244386374}
  m_Layer: 0
  m_Name: index_02_l
  m_TagString: Untagged
  m_Icon: {fileID: 0}
  m_NavMeshLayer: 0
  m_StaticEditorFlags: 0
  m_IsActive: 1
--- !u!4 &6522249298244386374
Transform:
  m_ObjectHideFlags: 0
  m_CorrespondingSourceObject: {fileID: 0}
  m_PrefabInstance: {fileID: 0}
  m_PrefabAsset: {fileID: 0}
  m_GameObject: {fileID: 3577110493401652201}
  m_LocalRotation: {x: 0.07948885, y: -0.3838127, z: -0.67706156, w: 0.62286204}
  m_LocalPosition: {x: -0.033762015, y: 0.0007424927, z: -0.0041923523}
  m_LocalScale: {x: 1.0000001, y: 1, z: 1.0000001}
  m_ConstrainProportionsScale: 0
  m_Children:
  - {fileID: 6297895535731056660}
  m_Father: {fileID: 7881675632281567501}
  m_RootOrder: 0
  m_LocalEulerAnglesHint: {x: 0, y: 0, z: 0}
--- !u!1 &3631251019826294521
GameObject:
  m_ObjectHideFlags: 0
  m_CorrespondingSourceObject: {fileID: 0}
  m_PrefabInstance: {fileID: 0}
  m_PrefabAsset: {fileID: 0}
  serializedVersion: 6
  m_Component:
  - component: {fileID: 90482170503866404}
  m_Layer: 0
  m_Name: pelvis
  m_TagString: Untagged
  m_Icon: {fileID: 0}
  m_NavMeshLayer: 0
  m_StaticEditorFlags: 0
  m_IsActive: 1
--- !u!4 &90482170503866404
Transform:
  m_ObjectHideFlags: 0
  m_CorrespondingSourceObject: {fileID: 0}
  m_PrefabInstance: {fileID: 0}
  m_PrefabAsset: {fileID: 0}
  m_GameObject: {fileID: 3631251019826294521}
  m_LocalRotation: {x: 0.001285336, y: 0.7071056, z: 0.001285336, w: 0.70710564}
  m_LocalPosition: {x: -1.3536842e-30, y: 0.010561532, z: 0.967506}
  m_LocalScale: {x: 1, y: 1, z: 1}
  m_ConstrainProportionsScale: 0
  m_Children:
  - {fileID: 489171345378438670}
  - {fileID: 3973615663572333807}
  - {fileID: 2622445518668514570}
  m_Father: {fileID: 2505243003126520041}
  m_RootOrder: 0
  m_LocalEulerAnglesHint: {x: 0, y: 0, z: 0}
--- !u!1 &3633259040713332816
GameObject:
  m_ObjectHideFlags: 0
  m_CorrespondingSourceObject: {fileID: 0}
  m_PrefabInstance: {fileID: 0}
  m_PrefabAsset: {fileID: 0}
  serializedVersion: 6
  m_Component:
  - component: {fileID: 7816965227715912202}
  m_Layer: 0
  m_Name: thumb_03_r
  m_TagString: Untagged
  m_Icon: {fileID: 0}
  m_NavMeshLayer: 0
  m_StaticEditorFlags: 0
  m_IsActive: 1
--- !u!4 &7816965227715912202
Transform:
  m_ObjectHideFlags: 0
  m_CorrespondingSourceObject: {fileID: 0}
  m_PrefabInstance: {fileID: 0}
  m_PrefabAsset: {fileID: 0}
  m_GameObject: {fileID: 3633259040713332816}
  m_LocalRotation: {x: 0.05372133, y: -0.14361602, z: -0.008325071, w: 0.9881393}
  m_LocalPosition: {x: 0.029382285, y: -0.0021583366, z: 0.0104885865}
  m_LocalScale: {x: 1, y: 1.0000001, z: 1}
  m_ConstrainProportionsScale: 0
  m_Children: []
  m_Father: {fileID: 1518456057952746807}
  m_RootOrder: 0
  m_LocalEulerAnglesHint: {x: 0, y: 0, z: 0}
--- !u!1 &4003887402945998438
GameObject:
  m_ObjectHideFlags: 0
  m_CorrespondingSourceObject: {fileID: 0}
  m_PrefabInstance: {fileID: 0}
  m_PrefabAsset: {fileID: 0}
  serializedVersion: 6
  m_Component:
  - component: {fileID: 6282835805503700075}
  m_Layer: 0
  m_Name: thumb_03_l
  m_TagString: Untagged
  m_Icon: {fileID: 0}
  m_NavMeshLayer: 0
  m_StaticEditorFlags: 0
  m_IsActive: 1
--- !u!4 &6282835805503700075
Transform:
  m_ObjectHideFlags: 0
  m_CorrespondingSourceObject: {fileID: 0}
  m_PrefabInstance: {fileID: 0}
  m_PrefabAsset: {fileID: 0}
  m_GameObject: {fileID: 4003887402945998438}
  m_LocalRotation: {x: 0.020385625, y: -0.15585192, z: -0.008566285, w: 0.9875329}
  m_LocalPosition: {x: -0.0293824, y: 0.0021583939, z: -0.0104885865}
  m_LocalScale: {x: 1, y: 1.0000001, z: 1.0000001}
  m_ConstrainProportionsScale: 0
  m_Children: []
  m_Father: {fileID: 6366985512858227902}
  m_RootOrder: 0
  m_LocalEulerAnglesHint: {x: 0, y: 0, z: 0}
--- !u!1 &4160255000944199395
GameObject:
  m_ObjectHideFlags: 0
  m_CorrespondingSourceObject: {fileID: 0}
  m_PrefabInstance: {fileID: 0}
  m_PrefabAsset: {fileID: 0}
  serializedVersion: 6
  m_Component:
  - component: {fileID: 4120219820230060124}
  m_Layer: 0
  m_Name: index_03_r
  m_TagString: Untagged
  m_Icon: {fileID: 0}
  m_NavMeshLayer: 0
  m_StaticEditorFlags: 0
  m_IsActive: 1
--- !u!4 &4120219820230060124
Transform:
  m_ObjectHideFlags: 0
  m_CorrespondingSourceObject: {fileID: 0}
  m_PrefabInstance: {fileID: 0}
  m_PrefabAsset: {fileID: 0}
  m_GameObject: {fileID: 4160255000944199395}
  m_LocalRotation: {x: 0.0108130295, y: -0.0075704283, z: 0.05674186, w: 0.9983016}
  m_LocalPosition: {x: 0.04098194, y: 0.0048220824, z: 0.0020567703}
  m_LocalScale: {x: 0.99999994, y: 1, z: 1}
  m_ConstrainProportionsScale: 0
  m_Children: []
  m_Father: {fileID: 3892962082292219376}
  m_RootOrder: 0
  m_LocalEulerAnglesHint: {x: 0, y: 0, z: 0}
--- !u!1 &4345043544087021852
GameObject:
  m_ObjectHideFlags: 0
  m_CorrespondingSourceObject: {fileID: 0}
  m_PrefabInstance: {fileID: 0}
  m_PrefabAsset: {fileID: 0}
  serializedVersion: 6
  m_Component:
  - component: {fileID: 4987813569435891387}
  m_Layer: 0
  m_Name: spine_03
  m_TagString: Untagged
  m_Icon: {fileID: 0}
  m_NavMeshLayer: 0
  m_StaticEditorFlags: 0
  m_IsActive: 1
--- !u!4 &4987813569435891387
Transform:
  m_ObjectHideFlags: 0
  m_CorrespondingSourceObject: {fileID: 0}
  m_PrefabInstance: {fileID: 0}
  m_PrefabAsset: {fileID: 0}
  m_GameObject: {fileID: 4345043544087021852}
  m_LocalRotation: {x: 0.04047545, y: 0.030630706, z: 0.034982465, w: 0.9980981}
  m_LocalPosition: {x: -0.13407294, y: 0.004204769, z: -1.8189894e-14}
  m_LocalScale: {x: 1.0000001, y: 1.0000001, z: 1}
  m_ConstrainProportionsScale: 0
  m_Children:
  - {fileID: 1532314088701477665}
  - {fileID: 4644362482791648671}
  - {fileID: 2545048226611606563}
  m_Father: {fileID: 1125400739760968404}
  m_RootOrder: 0
  m_LocalEulerAnglesHint: {x: 0, y: 0, z: 0}
--- !u!1 &4388559194598299411
GameObject:
  m_ObjectHideFlags: 0
  m_CorrespondingSourceObject: {fileID: 0}
  m_PrefabInstance: {fileID: 0}
  m_PrefabAsset: {fileID: 0}
  serializedVersion: 6
  m_Component:
  - component: {fileID: 4178925193526855532}
  m_Layer: 0
  m_Name: thumb_01_r
  m_TagString: Untagged
  m_Icon: {fileID: 0}
  m_NavMeshLayer: 0
  m_StaticEditorFlags: 0
  m_IsActive: 1
--- !u!4 &4178925193526855532
Transform:
  m_ObjectHideFlags: 0
  m_CorrespondingSourceObject: {fileID: 0}
  m_PrefabInstance: {fileID: 0}
  m_PrefabAsset: {fileID: 0}
  m_GameObject: {fileID: 4388559194598299411}
  m_LocalRotation: {x: 0.82205015, y: -0.25096753, z: -0.1127717, w: 0.49852926}
  m_LocalPosition: {x: 0.04021469, y: -0.030289534, z: 0.04825834}
  m_LocalScale: {x: 0.9999999, y: 0.9999999, z: 0.9999999}
  m_ConstrainProportionsScale: 0
  m_Children:
  - {fileID: 1518456057952746807}
  m_Father: {fileID: 4625796749070869666}
  m_RootOrder: 2
  m_LocalEulerAnglesHint: {x: 0, y: 0, z: 0}
--- !u!1 &4408115631689958821
GameObject:
  m_ObjectHideFlags: 0
  m_CorrespondingSourceObject: {fileID: 0}
  m_PrefabInstance: {fileID: 0}
  m_PrefabAsset: {fileID: 0}
  serializedVersion: 6
  m_Component:
  - component: {fileID: 5437714149542381763}
  m_Layer: 0
  m_Name: lowerarm_r
  m_TagString: Untagged
  m_Icon: {fileID: 0}
  m_NavMeshLayer: 0
  m_StaticEditorFlags: 0
  m_IsActive: 1
--- !u!4 &5437714149542381763
Transform:
  m_ObjectHideFlags: 0
  m_CorrespondingSourceObject: {fileID: 0}
  m_PrefabInstance: {fileID: 0}
  m_PrefabAsset: {fileID: 0}
  m_GameObject: {fileID: 4408115631689958821}
  m_LocalRotation: {x: -0.05066131, y: -0.14124893, z: 0.81635803, w: 0.5577113}
  m_LocalPosition: {x: 0.22856519, y: 0.007660818, z: 0.004604187}
  m_LocalScale: {x: 1, y: 0.9999999, z: 1.0000001}
  m_ConstrainProportionsScale: 0
  m_Children:
  - {fileID: 4625796749070869666}
  - {fileID: 4393460113733007566}
  m_Father: {fileID: 5721252111512034148}
  m_RootOrder: 0
  m_LocalEulerAnglesHint: {x: 0, y: 0, z: 0}
--- !u!1 &4483904405993498188
GameObject:
  m_ObjectHideFlags: 0
  m_CorrespondingSourceObject: {fileID: 0}
  m_PrefabInstance: {fileID: 0}
  m_PrefabAsset: {fileID: 0}
  serializedVersion: 6
  m_Component:
  - component: {fileID: 8809449190274177654}
  m_Layer: 0
  m_Name: calf_l
  m_TagString: Untagged
  m_Icon: {fileID: 0}
  m_NavMeshLayer: 0
  m_StaticEditorFlags: 0
  m_IsActive: 1
--- !u!4 &8809449190274177654
Transform:
  m_ObjectHideFlags: 0
  m_CorrespondingSourceObject: {fileID: 0}
  m_PrefabInstance: {fileID: 0}
  m_PrefabAsset: {fileID: 0}
  m_GameObject: {fileID: 4483904405993498188}
  m_LocalRotation: {x: -0.12336379, y: -0.011288853, z: 0.33687973, w: 0.9333627}
  m_LocalPosition: {x: 0.42572036, y: -5.9604643e-10, z: 0}
  m_LocalScale: {x: 1, y: 1, z: 1}
  m_ConstrainProportionsScale: 0
  m_Children:
  - {fileID: 2443899264758475250}
  m_Father: {fileID: 3973615663572333807}
  m_RootOrder: 0
  m_LocalEulerAnglesHint: {x: 0, y: 0, z: 0}
--- !u!1 &4834157391309507754
GameObject:
  m_ObjectHideFlags: 0
  m_CorrespondingSourceObject: {fileID: 0}
  m_PrefabInstance: {fileID: 0}
  m_PrefabAsset: {fileID: 0}
  serializedVersion: 6
  m_Component:
  - component: {fileID: 2545048226611606563}
  m_Layer: 0
  m_Name: neck_01
  m_TagString: Untagged
  m_Icon: {fileID: 0}
  m_NavMeshLayer: 0
  m_StaticEditorFlags: 0
  m_IsActive: 1
--- !u!4 &2545048226611606563
Transform:
  m_ObjectHideFlags: 0
  m_CorrespondingSourceObject: {fileID: 0}
  m_PrefabInstance: {fileID: 0}
  m_PrefabAsset: {fileID: 0}
  m_GameObject: {fileID: 4834157391309507754}
  m_LocalRotation: {x: 0.057582274, y: -0.07040877, z: 0.28461838, w: 0.95431614}
  m_LocalPosition: {x: -0.16558762, y: -0.0035532187, z: -5.966012e-10}
  m_LocalScale: {x: 1, y: 1, z: 1}
  m_ConstrainProportionsScale: 0
  m_Children:
  - {fileID: 48563398034695479}
  m_Father: {fileID: 4987813569435891387}
  m_RootOrder: 2
  m_LocalEulerAnglesHint: {x: 0, y: 0, z: 0}
--- !u!1 &4993313853397727764
GameObject:
  m_ObjectHideFlags: 0
  m_CorrespondingSourceObject: {fileID: 0}
  m_PrefabInstance: {fileID: 0}
  m_PrefabAsset: {fileID: 0}
  serializedVersion: 6
  m_Component:
  - component: {fileID: 330158058609125394}
  - component: {fileID: 2994997912830065975}
  m_Layer: 0
  m_Name: Fighter_13_Barrel_Mesh001
  m_TagString: Untagged
  m_Icon: {fileID: 0}
  m_NavMeshLayer: 0
  m_StaticEditorFlags: 0
  m_IsActive: 0
--- !u!4 &330158058609125394
Transform:
  m_ObjectHideFlags: 0
  m_CorrespondingSourceObject: {fileID: 0}
  m_PrefabInstance: {fileID: 0}
  m_PrefabAsset: {fileID: 0}
  m_GameObject: {fileID: 4993313853397727764}
  m_LocalRotation: {x: -0.7071068, y: -0.000000061817246, z: 0.000000061817246, w: 0.7071068}
  m_LocalPosition: {x: -0.05141591, y: 1.3344206, z: -0.67722577}
  m_LocalScale: {x: 1, y: 1, z: 1}
  m_ConstrainProportionsScale: 0
  m_Children: []
  m_Father: {fileID: 1791416152687186813}
  m_RootOrder: 1
  m_LocalEulerAnglesHint: {x: 0, y: 0, z: 0}
--- !u!137 &2994997912830065975
SkinnedMeshRenderer:
  m_ObjectHideFlags: 0
  m_CorrespondingSourceObject: {fileID: 0}
  m_PrefabInstance: {fileID: 0}
  m_PrefabAsset: {fileID: 0}
  m_GameObject: {fileID: 4993313853397727764}
  m_Enabled: 1
  m_CastShadows: 1
  m_ReceiveShadows: 1
  m_DynamicOccludee: 1
  m_StaticShadowCaster: 0
  m_MotionVectors: 1
  m_LightProbeUsage: 1
  m_ReflectionProbeUsage: 1
  m_RayTracingMode: 3
  m_RayTraceProcedural: 0
  m_RenderingLayerMask: 1
  m_RendererPriority: 0
  m_Materials:
  - {fileID: 2100000, guid: d9d418ad3eadd4bef9ad94fb0d54d14a, type: 2}
  m_StaticBatchInfo:
    firstSubMesh: 0
    subMeshCount: 0
  m_StaticBatchRoot: {fileID: 0}
  m_ProbeAnchor: {fileID: 0}
  m_LightProbeVolumeOverride: {fileID: 0}
  m_ScaleInLightmap: 1
  m_ReceiveGI: 1
  m_PreserveUVs: 0
  m_IgnoreNormalsForChartDetection: 0
  m_ImportantGI: 0
  m_StitchLightmapSeams: 1
  m_SelectedEditorRenderState: 3
  m_MinimumChartSize: 4
  m_AutoUVMaxDistance: 0.5
  m_AutoUVMaxAngle: 89
  m_LightmapParameters: {fileID: 0}
  m_SortingLayerID: 0
  m_SortingLayer: 0
  m_SortingOrder: 0
  serializedVersion: 2
  m_Quality: 0
  m_UpdateWhenOffscreen: 0
  m_SkinnedMotionVectors: 1
  m_Mesh: {fileID: -8764196702422758781, guid: a2ba9d900ff7a4834ac7e4827bdba76e, type: 3}
  m_Bones:
  - {fileID: 5721252111512034148}
  - {fileID: 4987813569435891387}
  - {fileID: 2545048226611606563}
  - {fileID: 48563398034695479}
  - {fileID: 2622445518668514570}
  - {fileID: 90482170503866404}
  - {fileID: 489171345378438670}
  - {fileID: 1125400739760968404}
  - {fileID: 5437714149542381763}
  - {fileID: 4041553210219410696}
  - {fileID: 3973615663572333807}
  - {fileID: 333445042825062671}
  m_BlendShapeWeights: []
  m_RootBone: {fileID: 90482170503866404}
  m_AABB:
    m_Center: {x: -0.6454644, y: 0.5078125, z: 0.14221966}
    m_Extent: {x: 0.59689975, y: 0.5707872, z: 0.53487676}
  m_DirtyAABB: 0
--- !u!1 &5033043475204813153
GameObject:
  m_ObjectHideFlags: 0
  m_CorrespondingSourceObject: {fileID: 0}
  m_PrefabInstance: {fileID: 0}
  m_PrefabAsset: {fileID: 0}
  serializedVersion: 6
  m_Component:
  - component: {fileID: 6366985512858227902}
  m_Layer: 0
  m_Name: thumb_02_l
  m_TagString: Untagged
  m_Icon: {fileID: 0}
  m_NavMeshLayer: 0
  m_StaticEditorFlags: 0
  m_IsActive: 1
--- !u!4 &6366985512858227902
Transform:
  m_ObjectHideFlags: 0
  m_CorrespondingSourceObject: {fileID: 0}
  m_PrefabInstance: {fileID: 0}
  m_PrefabAsset: {fileID: 0}
  m_GameObject: {fileID: 5033043475204813153}
  m_LocalRotation: {x: 0.19478843, y: -0.15413533, z: -0.288428, w: 0.92472106}
  m_LocalPosition: {x: -0.033590563, y: -0.0053145215, z: -0.0066656494}
  m_LocalScale: {x: 1.0000001, y: 0.99999994, z: 1}
  m_ConstrainProportionsScale: 0
  m_Children:
  - {fileID: 6282835805503700075}
  m_Father: {fileID: 6000557209752668654}
  m_RootOrder: 0
  m_LocalEulerAnglesHint: {x: 0, y: 0, z: 0}
--- !u!1 &5404802390399925694
GameObject:
  m_ObjectHideFlags: 0
  m_CorrespondingSourceObject: {fileID: 0}
  m_PrefabInstance: {fileID: 0}
  m_PrefabAsset: {fileID: 0}
  serializedVersion: 6
  m_Component:
  - component: {fileID: 5448872561090012291}
  m_Layer: 0
  m_Name: index_01_r
  m_TagString: Untagged
  m_Icon: {fileID: 0}
  m_NavMeshLayer: 0
  m_StaticEditorFlags: 0
  m_IsActive: 1
--- !u!4 &5448872561090012291
Transform:
  m_ObjectHideFlags: 0
  m_CorrespondingSourceObject: {fileID: 0}
  m_PrefabInstance: {fileID: 0}
  m_PrefabAsset: {fileID: 0}
  m_GameObject: {fileID: 5404802390399925694}
  m_LocalRotation: {x: 0.0045486796, y: -0.10237475, z: -0.77798635, w: 0.6198677}
  m_LocalPosition: {x: 0.12114265, y: -0.010057983, z: 0.012087287}
  m_LocalScale: {x: 0.9999999, y: 0.99999994, z: 0.9999998}
  m_ConstrainProportionsScale: 0
  m_Children:
  - {fileID: 3892962082292219376}
  m_Father: {fileID: 4625796749070869666}
  m_RootOrder: 0
  m_LocalEulerAnglesHint: {x: 0, y: 0, z: 0}
--- !u!1 &5459571746565757844
GameObject:
  m_ObjectHideFlags: 0
  m_CorrespondingSourceObject: {fileID: 0}
  m_PrefabInstance: {fileID: 0}
  m_PrefabAsset: {fileID: 0}
  serializedVersion: 6
  m_Component:
  - component: {fileID: 1518456057952746807}
  m_Layer: 0
  m_Name: thumb_02_r
  m_TagString: Untagged
  m_Icon: {fileID: 0}
  m_NavMeshLayer: 0
  m_StaticEditorFlags: 0
  m_IsActive: 1
--- !u!4 &1518456057952746807
Transform:
  m_ObjectHideFlags: 0
  m_CorrespondingSourceObject: {fileID: 0}
  m_PrefabInstance: {fileID: 0}
  m_PrefabAsset: {fileID: 0}
  m_GameObject: {fileID: 5459571746565757844}
  m_LocalRotation: {x: 0.09398907, y: -0.37866375, z: -0.20099916, w: 0.8985428}
  m_LocalPosition: {x: 0.03359064, y: 0.0053144074, z: 0.0066656494}
  m_LocalScale: {x: 1, y: 1, z: 1.0000001}
  m_ConstrainProportionsScale: 0
  m_Children:
  - {fileID: 7816965227715912202}
  m_Father: {fileID: 4178925193526855532}
  m_RootOrder: 0
  m_LocalEulerAnglesHint: {x: 0, y: 0, z: 0}
--- !u!1 &5901053156228755004
GameObject:
  m_ObjectHideFlags: 0
  m_CorrespondingSourceObject: {fileID: 0}
  m_PrefabInstance: {fileID: 0}
  m_PrefabAsset: {fileID: 0}
  serializedVersion: 6
  m_Component:
  - component: {fileID: 5971287314443204465}
  m_Layer: 0
  m_Name: middle_01_l
  m_TagString: Untagged
  m_Icon: {fileID: 0}
  m_NavMeshLayer: 0
  m_StaticEditorFlags: 0
  m_IsActive: 1
--- !u!4 &5971287314443204465
Transform:
  m_ObjectHideFlags: 0
  m_CorrespondingSourceObject: {fileID: 0}
  m_PrefabInstance: {fileID: 0}
  m_PrefabAsset: {fileID: 0}
  m_GameObject: {fileID: 5901053156228755004}
  m_LocalRotation: {x: -0.11250251, y: -0.05079293, z: -0.7431572, w: 0.6576326}
  m_LocalPosition: {x: -0.0947216, y: 0.022448119, z: 0.035905622}
  m_LocalScale: {x: 1.0000001, y: 0.99999994, z: 1}
  m_ConstrainProportionsScale: 0
  m_Children:
  - {fileID: 2604559746070026988}
  m_Father: {fileID: 3569953474860747696}
  m_RootOrder: 1
  m_LocalEulerAnglesHint: {x: 0, y: 0, z: 0}
--- !u!1 &6168898552980849726
GameObject:
  m_ObjectHideFlags: 0
  m_CorrespondingSourceObject: {fileID: 0}
  m_PrefabInstance: {fileID: 0}
  m_PrefabAsset: {fileID: 0}
  serializedVersion: 6
  m_Component:
  - component: {fileID: 2192202242073695544}
  m_Layer: 0
  m_Name: ball_l
  m_TagString: Untagged
  m_Icon: {fileID: 0}
  m_NavMeshLayer: 0
  m_StaticEditorFlags: 0
  m_IsActive: 1
--- !u!4 &2192202242073695544
Transform:
  m_ObjectHideFlags: 0
  m_CorrespondingSourceObject: {fileID: 0}
  m_PrefabInstance: {fileID: 0}
  m_PrefabAsset: {fileID: 0}
  m_GameObject: {fileID: 6168898552980849726}
  m_LocalRotation: {x: 0.00008007931, y: -0.000029596098, z: 0.7186339, w: 0.6953886}
  m_LocalPosition: {x: 0.10453837, y: -0.16577853, z: 0.00080156326}
  m_LocalScale: {x: 1, y: 1.0000001, z: 1}
  m_ConstrainProportionsScale: 0
  m_Children: []
  m_Father: {fileID: 2443899264758475250}
  m_RootOrder: 0
  m_LocalEulerAnglesHint: {x: 0, y: 0, z: 0}
--- !u!1 &6444846499215794254
GameObject:
  m_ObjectHideFlags: 0
  m_CorrespondingSourceObject: {fileID: 0}
  m_PrefabInstance: {fileID: 0}
  m_PrefabAsset: {fileID: 0}
  serializedVersion: 6
  m_Component:
  - component: {fileID: 6377347837482456788}
  m_Layer: 0
  m_Name: foot_r
  m_TagString: Untagged
  m_Icon: {fileID: 0}
  m_NavMeshLayer: 0
  m_StaticEditorFlags: 0
  m_IsActive: 1
--- !u!4 &6377347837482456788
Transform:
  m_ObjectHideFlags: 0
  m_CorrespondingSourceObject: {fileID: 0}
  m_PrefabInstance: {fileID: 0}
  m_PrefabAsset: {fileID: 0}
  m_GameObject: {fileID: 6444846499215794254}
  m_LocalRotation: {x: -0.022552362, y: -0.056874298, z: 0.037475333, w: 0.9974229}
  m_LocalPosition: {x: -0.40196812, y: 0.000000028610229, z: -0.000000095367426}
  m_LocalScale: {x: 1, y: 0.9999999, z: 0.99999994}
  m_ConstrainProportionsScale: 0
  m_Children:
  - {fileID: 7910973319441138629}
  m_Father: {fileID: 3276991616003344633}
  m_RootOrder: 0
  m_LocalEulerAnglesHint: {x: 0, y: 0, z: 0}
--- !u!1 &6771326514545891413
GameObject:
  m_ObjectHideFlags: 0
  m_CorrespondingSourceObject: {fileID: 0}
  m_PrefabInstance: {fileID: 0}
  m_PrefabAsset: {fileID: 0}
  serializedVersion: 6
  m_Component:
  - component: {fileID: 5774799907445813605}
  - component: {fileID: 8822296694402914717}
  m_Layer: 9
  m_Name: Fighter_13_Body_Mesh
  m_TagString: Untagged
  m_Icon: {fileID: 0}
  m_NavMeshLayer: 0
  m_StaticEditorFlags: 0
  m_IsActive: 1
--- !u!4 &5774799907445813605
Transform:
  m_ObjectHideFlags: 0
  m_CorrespondingSourceObject: {fileID: 0}
  m_PrefabInstance: {fileID: 0}
  m_PrefabAsset: {fileID: 0}
  m_GameObject: {fileID: 6771326514545891413}
  m_LocalRotation: {x: -0.7071068, y: 0, z: -0, w: 0.7071068}
  m_LocalPosition: {x: -0.000000038146972, y: 0.85992277, z: -0.01674234}
  m_LocalScale: {x: 1, y: 1, z: 1}
  m_ConstrainProportionsScale: 0
  m_Children: []
  m_Father: {fileID: 1791416152687186813}
  m_RootOrder: 2
  m_LocalEulerAnglesHint: {x: 0, y: 0, z: 0}
--- !u!137 &8822296694402914717
SkinnedMeshRenderer:
  m_ObjectHideFlags: 0
  m_CorrespondingSourceObject: {fileID: 0}
  m_PrefabInstance: {fileID: 0}
  m_PrefabAsset: {fileID: 0}
  m_GameObject: {fileID: 6771326514545891413}
  m_Enabled: 1
  m_CastShadows: 1
  m_ReceiveShadows: 1
  m_DynamicOccludee: 1
  m_StaticShadowCaster: 0
  m_MotionVectors: 1
  m_LightProbeUsage: 1
  m_ReflectionProbeUsage: 1
  m_RayTracingMode: 3
  m_RayTraceProcedural: 0
  m_RenderingLayerMask: 1
  m_RendererPriority: 0
  m_Materials:
  - {fileID: 2100000, guid: d9d418ad3eadd4bef9ad94fb0d54d14a, type: 2}
  m_StaticBatchInfo:
    firstSubMesh: 0
    subMeshCount: 0
  m_StaticBatchRoot: {fileID: 0}
  m_ProbeAnchor: {fileID: 0}
  m_LightProbeVolumeOverride: {fileID: 0}
  m_ScaleInLightmap: 1
  m_ReceiveGI: 1
  m_PreserveUVs: 0
  m_IgnoreNormalsForChartDetection: 0
  m_ImportantGI: 0
  m_StitchLightmapSeams: 1
  m_SelectedEditorRenderState: 3
  m_MinimumChartSize: 4
  m_AutoUVMaxDistance: 0.5
  m_AutoUVMaxAngle: 89
  m_LightmapParameters: {fileID: 0}
  m_SortingLayerID: 0
  m_SortingLayer: 0
  m_SortingOrder: 0
  serializedVersion: 2
  m_Quality: 0
  m_UpdateWhenOffscreen: 0
  m_SkinnedMotionVectors: 1
  m_Mesh: {fileID: -2556698486361074978, guid: a2ba9d900ff7a4834ac7e4827bdba76e, type: 3}
  m_Bones:
  - {fileID: 48563398034695479}
  - {fileID: 4987813569435891387}
  - {fileID: 2545048226611606563}
  - {fileID: 4041553210219410696}
  - {fileID: 1532314088701477665}
  - {fileID: 1125400739760968404}
  - {fileID: 333445042825062671}
  - {fileID: 489171345378438670}
  - {fileID: 90482170503866404}
  - {fileID: 3973615663572333807}
  - {fileID: 9101501528812253535}
  - {fileID: 3569953474860747696}
  - {fileID: 6000557209752668654}
  - {fileID: 7881675632281567501}
  - {fileID: 6522249298244386374}
  - {fileID: 6297895535731056660}
  - {fileID: 2604559746070026988}
  - {fileID: 5971287314443204465}
  - {fileID: 8328318487896088405}
  - {fileID: 6366985512858227902}
  - {fileID: 6282835805503700075}
  - {fileID: 8809449190274177654}
  - {fileID: 2443899264758475250}
  - {fileID: 2192202242073695544}
  - {fileID: 5721252111512034148}
  - {fileID: 4644362482791648671}
  - {fileID: 5437714149542381763}
  - {fileID: 2622445518668514570}
  - {fileID: 4393460113733007566}
  - {fileID: 4625796749070869666}
  - {fileID: 4178925193526855532}
  - {fileID: 3892962082292219376}
  - {fileID: 5448872561090012291}
  - {fileID: 4120219820230060124}
  - {fileID: 4178911861024389586}
  - {fileID: 8207302295591286361}
  - {fileID: 5400846157910284249}
  - {fileID: 1518456057952746807}
  - {fileID: 7816965227715912202}
  - {fileID: 3276991616003344633}
  - {fileID: 6377347837482456788}
  - {fileID: 7910973319441138629}
  m_BlendShapeWeights: []
  m_RootBone: {fileID: 90482170503866404}
  m_AABB:
    m_Center: {x: 0.13131315, y: 0.0188137, z: -0.1057235}
    m_Extent: {x: 0.92456645, y: 0.3928552, z: 0.4797238}
  m_DirtyAABB: 0
--- !u!1 &7028891637617070138
GameObject:
  m_ObjectHideFlags: 0
  m_CorrespondingSourceObject: {fileID: 0}
  m_PrefabInstance: {fileID: 0}
  m_PrefabAsset: {fileID: 0}
  serializedVersion: 6
  m_Component:
  - component: {fileID: 4393460113733007566}
  m_Layer: 0
  m_Name: lowerarm_twist_01_r
  m_TagString: Untagged
  m_Icon: {fileID: 0}
  m_NavMeshLayer: 0
  m_StaticEditorFlags: 0
  m_IsActive: 1
--- !u!4 &4393460113733007566
Transform:
  m_ObjectHideFlags: 0
  m_CorrespondingSourceObject: {fileID: 0}
  m_PrefabInstance: {fileID: 0}
  m_PrefabAsset: {fileID: 0}
  m_GameObject: {fileID: 7028891637617070138}
  m_LocalRotation: {x: -0.117627166, y: -0.000000013071241, z: -4.932193e-10, w: 0.99305785}
  m_LocalPosition: {x: 0.13999993, y: 0.00000028610228, z: -0.00000015258789}
  m_LocalScale: {x: 1.0000001, y: 1.0000001, z: 1}
  m_ConstrainProportionsScale: 0
  m_Children: []
  m_Father: {fileID: 5437714149542381763}
  m_RootOrder: 1
  m_LocalEulerAnglesHint: {x: 0, y: 0, z: 0}
--- !u!1 &7288524788232025348
GameObject:
  m_ObjectHideFlags: 0
  m_CorrespondingSourceObject: {fileID: 0}
  m_PrefabInstance: {fileID: 0}
  m_PrefabAsset: {fileID: 0}
  serializedVersion: 6
  m_Component:
  - component: {fileID: 4041553210219410696}
  m_Layer: 0
  m_Name: upperarm_l
  m_TagString: Untagged
  m_Icon: {fileID: 0}
  m_NavMeshLayer: 0
  m_StaticEditorFlags: 0
  m_IsActive: 1
--- !u!4 &4041553210219410696
Transform:
  m_ObjectHideFlags: 0
  m_CorrespondingSourceObject: {fileID: 0}
  m_PrefabInstance: {fileID: 0}
  m_PrefabAsset: {fileID: 0}
  m_GameObject: {fileID: 7288524788232025348}
  m_LocalRotation: {x: -0.15209363, y: -0.2219671, z: 0.12570569, w: 0.95488024}
  m_LocalPosition: {x: -0.1902962, y: -0.041237958, z: -0.046480253}
  m_LocalScale: {x: 1, y: 0.99999994, z: 1}
  m_ConstrainProportionsScale: 0
  m_Children:
  - {fileID: 333445042825062671}
  m_Father: {fileID: 1532314088701477665}
  m_RootOrder: 0
  m_LocalEulerAnglesHint: {x: 0, y: 0, z: 0}
--- !u!1 &7508887819880680019
GameObject:
  m_ObjectHideFlags: 0
  m_CorrespondingSourceObject: {fileID: 0}
  m_PrefabInstance: {fileID: 0}
  m_PrefabAsset: {fileID: 0}
  serializedVersion: 6
  m_Component:
  - component: {fileID: 6297895535731056660}
  m_Layer: 0
  m_Name: index_03_l
  m_TagString: Untagged
  m_Icon: {fileID: 0}
  m_NavMeshLayer: 0
  m_StaticEditorFlags: 0
  m_IsActive: 1
--- !u!4 &6297895535731056660
Transform:
  m_ObjectHideFlags: 0
  m_CorrespondingSourceObject: {fileID: 0}
  m_PrefabInstance: {fileID: 0}
  m_PrefabAsset: {fileID: 0}
  m_GameObject: {fileID: 7508887819880680019}
  m_LocalRotation: {x: 0.014824109, y: -0.03308957, z: 0.021595005, w: 0.9991091}
  m_LocalPosition: {x: -0.04098194, y: -0.0048219296, z: -0.0020567703}
  m_LocalScale: {x: 1.0000001, y: 1, z: 1}
  m_ConstrainProportionsScale: 0
  m_Children: []
  m_Father: {fileID: 6522249298244386374}
  m_RootOrder: 0
  m_LocalEulerAnglesHint: {x: 0, y: 0, z: 0}
--- !u!1 &7552218651265862476
GameObject:
  m_ObjectHideFlags: 0
  m_CorrespondingSourceObject: {fileID: 0}
  m_PrefabInstance: {fileID: 0}
  m_PrefabAsset: {fileID: 0}
  serializedVersion: 6
  m_Component:
  - component: {fileID: 4625796749070869666}
  m_Layer: 0
  m_Name: hand_r
  m_TagString: Untagged
  m_Icon: {fileID: 0}
  m_NavMeshLayer: 0
  m_StaticEditorFlags: 0
  m_IsActive: 1
--- !u!4 &4625796749070869666
Transform:
  m_ObjectHideFlags: 0
  m_CorrespondingSourceObject: {fileID: 0}
  m_PrefabInstance: {fileID: 0}
  m_PrefabAsset: {fileID: 0}
  m_GameObject: {fileID: 7552218651265862476}
  m_LocalRotation: {x: -0.622085, y: -0.0031128987, z: 0.2794571, w: 0.7313715}
  m_LocalPosition: {x: 0.26975256, y: 0.0000002670288, z: 0}
  m_LocalScale: {x: 1.0000001, y: 0.99999994, z: 1.0000001}
  m_ConstrainProportionsScale: 0
  m_Children:
  - {fileID: 5448872561090012291}
  - {fileID: 8207302295591286361}
  - {fileID: 4178925193526855532}
  m_Father: {fileID: 5437714149542381763}
  m_RootOrder: 0
  m_LocalEulerAnglesHint: {x: 0, y: 0, z: 0}
--- !u!1 &7641800013745515606
GameObject:
  m_ObjectHideFlags: 0
  m_CorrespondingSourceObject: {fileID: 0}
  m_PrefabInstance: {fileID: 0}
  m_PrefabAsset: {fileID: 0}
  serializedVersion: 6
  m_Component:
  - component: {fileID: 6000557209752668654}
  m_Layer: 0
  m_Name: thumb_01_l
  m_TagString: Untagged
  m_Icon: {fileID: 0}
  m_NavMeshLayer: 0
  m_StaticEditorFlags: 0
  m_IsActive: 1
--- !u!4 &6000557209752668654
Transform:
  m_ObjectHideFlags: 0
  m_CorrespondingSourceObject: {fileID: 0}
  m_PrefabInstance: {fileID: 0}
  m_PrefabAsset: {fileID: 0}
  m_GameObject: {fileID: 7641800013745515606}
  m_LocalRotation: {x: 0.711429, y: -0.23831357, z: -0.24347605, w: 0.6146502}
  m_LocalPosition: {x: -0.040215757, y: 0.030289534, z: -0.048258603}
  m_LocalScale: {x: 1, y: 1.0000001, z: 0.99999994}
  m_ConstrainProportionsScale: 0
  m_Children:
  - {fileID: 6366985512858227902}
  m_Father: {fileID: 3569953474860747696}
  m_RootOrder: 2
  m_LocalEulerAnglesHint: {x: 0, y: 0, z: 0}
--- !u!1 &7781568603220533327
GameObject:
  m_ObjectHideFlags: 0
  m_CorrespondingSourceObject: {fileID: 0}
  m_PrefabInstance: {fileID: 0}
  m_PrefabAsset: {fileID: 0}
  serializedVersion: 6
  m_Component:
  - component: {fileID: 9101501528812253535}
  m_Layer: 0
  m_Name: lowerarm_twist_01_l
  m_TagString: Untagged
  m_Icon: {fileID: 0}
  m_NavMeshLayer: 0
  m_StaticEditorFlags: 0
  m_IsActive: 1
--- !u!4 &9101501528812253535
Transform:
  m_ObjectHideFlags: 0
  m_CorrespondingSourceObject: {fileID: 0}
  m_PrefabInstance: {fileID: 0}
  m_PrefabAsset: {fileID: 0}
  m_GameObject: {fileID: 7781568603220533327}
  m_LocalRotation: {x: -0.0000000074505815, y: -0.000000027008358, z: -0.000000016181732,
    w: 1}
  m_LocalPosition: {x: -0.14, y: -0.000000019073486, z: 0.00000015258789}
  m_LocalScale: {x: 0.99999994, y: 0.9999999, z: 1}
  m_ConstrainProportionsScale: 0
  m_Children: []
  m_Father: {fileID: 333445042825062671}
  m_RootOrder: 1
  m_LocalEulerAnglesHint: {x: 0, y: 0, z: 0}
--- !u!1 &7839362436128336491
GameObject:
  m_ObjectHideFlags: 0
  m_CorrespondingSourceObject: {fileID: 0}
  m_PrefabInstance: {fileID: 0}
  m_PrefabAsset: {fileID: 0}
  serializedVersion: 6
  m_Component:
  - component: {fileID: 7881675632281567501}
  m_Layer: 0
  m_Name: index_01_l
  m_TagString: Untagged
  m_Icon: {fileID: 0}
  m_NavMeshLayer: 0
  m_StaticEditorFlags: 0
  m_IsActive: 1
--- !u!4 &7881675632281567501
Transform:
  m_ObjectHideFlags: 0
  m_CorrespondingSourceObject: {fileID: 0}
  m_PrefabInstance: {fileID: 0}
  m_PrefabAsset: {fileID: 0}
  m_GameObject: {fileID: 7839362436128336491}
  m_LocalRotation: {x: 0.010801193, y: -0.09289125, z: -0.7629648, w: 0.63964}
  m_LocalPosition: {x: -0.12114365, y: 0.010057678, z: -0.012087579}
  m_LocalScale: {x: 1.0000001, y: 1, z: 0.99999994}
  m_ConstrainProportionsScale: 0
  m_Children:
  - {fileID: 6522249298244386374}
  m_Father: {fileID: 3569953474860747696}
  m_RootOrder: 0
  m_LocalEulerAnglesHint: {x: 0, y: 0, z: 0}
--- !u!1 &8013666898888334331
GameObject:
  m_ObjectHideFlags: 0
  m_CorrespondingSourceObject: {fileID: 0}
  m_PrefabInstance: {fileID: 0}
  m_PrefabAsset: {fileID: 0}
  serializedVersion: 6
  m_Component:
  - component: {fileID: 3569953474860747696}
  m_Layer: 0
  m_Name: hand_l
  m_TagString: Untagged
  m_Icon: {fileID: 0}
  m_NavMeshLayer: 0
  m_StaticEditorFlags: 0
  m_IsActive: 1
--- !u!4 &3569953474860747696
Transform:
  m_ObjectHideFlags: 0
  m_CorrespondingSourceObject: {fileID: 0}
  m_PrefabInstance: {fileID: 0}
  m_PrefabAsset: {fileID: 0}
  m_GameObject: {fileID: 8013666898888334331}
  m_LocalRotation: {x: -0.69115055, y: -0.04087759, z: 0.11924198, w: 0.71163285}
  m_LocalPosition: {x: -0.26975143, y: 0, z: 0.00000015258789}
  m_LocalScale: {x: 0.99999994, y: 1, z: 0.99999994}
  m_ConstrainProportionsScale: 0
  m_Children:
  - {fileID: 7881675632281567501}
  - {fileID: 5971287314443204465}
  - {fileID: 6000557209752668654}
  m_Father: {fileID: 333445042825062671}
  m_RootOrder: 0
  m_LocalEulerAnglesHint: {x: 0, y: 0, z: 0}
--- !u!1 &8204073643371358494
GameObject:
  m_ObjectHideFlags: 0
  m_CorrespondingSourceObject: {fileID: 0}
  m_PrefabInstance: {fileID: 0}
  m_PrefabAsset: {fileID: 0}
  serializedVersion: 6
  m_Component:
  - component: {fileID: 1532314088701477665}
  m_Layer: 0
  m_Name: clavicle_l
  m_TagString: Untagged
  m_Icon: {fileID: 0}
  m_NavMeshLayer: 0
  m_StaticEditorFlags: 0
  m_IsActive: 1
--- !u!4 &1532314088701477665
Transform:
  m_ObjectHideFlags: 0
  m_CorrespondingSourceObject: {fileID: 0}
  m_PrefabInstance: {fileID: 0}
  m_PrefabAsset: {fileID: 0}
  m_GameObject: {fileID: 8204073643371358494}
  m_LocalRotation: {x: 0.2228338, y: -0.777553, z: -0.0885217, w: 0.58130914}
  m_LocalPosition: {x: -0.118836515, y: -0.0273209, z: -0.03781983}
  m_LocalScale: {x: 1, y: 1, z: 1}
  m_ConstrainProportionsScale: 0
  m_Children:
  - {fileID: 4041553210219410696}
  m_Father: {fileID: 4987813569435891387}
  m_RootOrder: 0
  m_LocalEulerAnglesHint: {x: 0, y: 0, z: 0}
--- !u!1 &8571570410382023786
GameObject:
  m_ObjectHideFlags: 0
  m_CorrespondingSourceObject: {fileID: 0}
  m_PrefabInstance: {fileID: 0}
  m_PrefabAsset: {fileID: 0}
  serializedVersion: 6
  m_Component:
  - component: {fileID: 5400846157910284249}
  m_Layer: 0
  m_Name: middle_03_r
  m_TagString: Untagged
  m_Icon: {fileID: 0}
  m_NavMeshLayer: 0
  m_StaticEditorFlags: 0
  m_IsActive: 1
--- !u!4 &5400846157910284249
Transform:
  m_ObjectHideFlags: 0
  m_CorrespondingSourceObject: {fileID: 0}
  m_PrefabInstance: {fileID: 0}
  m_PrefabAsset: {fileID: 0}
  m_GameObject: {fileID: 8571570410382023786}
  m_LocalRotation: {x: -0.0014330279, y: 0.03887434, z: 0.055516068, w: 0.99769974}
  m_LocalPosition: {x: 0.02656971, y: 0.0032531738, z: -0.0023370455}
  m_LocalScale: {x: 0.9999999, y: 0.9999999, z: 0.99999994}
  m_ConstrainProportionsScale: 0
  m_Children: []
  m_Father: {fileID: 4178911861024389586}
  m_RootOrder: 0
  m_LocalEulerAnglesHint: {x: 0, y: 0, z: 0}
--- !u!1 &8695488079096098625
GameObject:
  m_ObjectHideFlags: 0
  m_CorrespondingSourceObject: {fileID: 0}
  m_PrefabInstance: {fileID: 0}
  m_PrefabAsset: {fileID: 0}
  serializedVersion: 6
  m_Component:
  - component: {fileID: 5721252111512034148}
  m_Layer: 0
  m_Name: upperarm_r
  m_TagString: Untagged
  m_Icon: {fileID: 0}
  m_NavMeshLayer: 0
  m_StaticEditorFlags: 0
  m_IsActive: 1
--- !u!4 &5721252111512034148
Transform:
  m_ObjectHideFlags: 0
  m_CorrespondingSourceObject: {fileID: 0}
  m_PrefabInstance: {fileID: 0}
  m_PrefabAsset: {fileID: 0}
  m_GameObject: {fileID: 8695488079096098625}
  m_LocalRotation: {x: -0.066360824, y: -0.3224994, z: 0.6729735, w: 0.6623421}
  m_LocalPosition: {x: 0.19029634, y: 0.041237954, z: 0.04648117}
  m_LocalScale: {x: 1.0000001, y: 1, z: 1}
  m_ConstrainProportionsScale: 0
  m_Children:
  - {fileID: 5437714149542381763}
  m_Father: {fileID: 4644362482791648671}
  m_RootOrder: 0
  m_LocalEulerAnglesHint: {x: 0, y: 0, z: 0}
--- !u!1 &8716982891366851441
GameObject:
  m_ObjectHideFlags: 0
  m_CorrespondingSourceObject: {fileID: 0}
  m_PrefabInstance: {fileID: 0}
  m_PrefabAsset: {fileID: 0}
  serializedVersion: 6
  m_Component:
  - component: {fileID: 1125400739760968404}
  m_Layer: 0
  m_Name: spine_02
  m_TagString: Untagged
  m_Icon: {fileID: 0}
  m_NavMeshLayer: 0
  m_StaticEditorFlags: 0
  m_IsActive: 1
--- !u!4 &1125400739760968404
Transform:
  m_ObjectHideFlags: 0
  m_CorrespondingSourceObject: {fileID: 0}
  m_PrefabInstance: {fileID: 0}
  m_PrefabAsset: {fileID: 0}
  m_GameObject: {fileID: 8716982891366851441}
  m_LocalRotation: {x: 0.04517464, y: 0.024358753, z: -0.0637989, w: 0.9966422}
  m_LocalPosition: {x: -0.1887535, y: 0.038011625, z: 5.96483e-10}
  m_LocalScale: {x: 1.0000001, y: 1.0000001, z: 1}
  m_ConstrainProportionsScale: 0
  m_Children:
  - {fileID: 4987813569435891387}
  m_Father: {fileID: 489171345378438670}
  m_RootOrder: 0
  m_LocalEulerAnglesHint: {x: 0, y: 0, z: 0}
--- !u!1 &8761137918039190523
GameObject:
  m_ObjectHideFlags: 0
  m_CorrespondingSourceObject: {fileID: 0}
  m_PrefabInstance: {fileID: 0}
  m_PrefabAsset: {fileID: 0}
  serializedVersion: 6
  m_Component:
  - component: {fileID: 4178911861024389586}
  m_Layer: 0
  m_Name: middle_02_r
  m_TagString: Untagged
  m_Icon: {fileID: 0}
  m_NavMeshLayer: 0
  m_StaticEditorFlags: 0
  m_IsActive: 1
--- !u!4 &4178911861024389586
Transform:
  m_ObjectHideFlags: 0
  m_CorrespondingSourceObject: {fileID: 0}
  m_PrefabInstance: {fileID: 0}
  m_PrefabAsset: {fileID: 0}
  m_GameObject: {fileID: 8761137918039190523}
  m_LocalRotation: {x: -0.04753885, y: -0.20684397, z: -0.7160874, w: 0.6649621}
  m_LocalPosition: {x: 0.03889099, y: -0.004212494, z: -0.0008599567}
  m_LocalScale: {x: 1, y: 1.0000001, z: 1}
  m_ConstrainProportionsScale: 0
  m_Children:
  - {fileID: 5400846157910284249}
  m_Father: {fileID: 8207302295591286361}
  m_RootOrder: 0
  m_LocalEulerAnglesHint: {x: 0, y: 0, z: 0}
